Workbook
Name \c: #REF!
Name \I: #REF!
Name \S: #REF!
Name \x: #REF!
Name \z: #REF!
Name _\0: #REF!
Name _\1: #REF!
Name _\2: #REF!
Name _\a: #REF!
Name _\I: #REF!
Name _\m: #REF!
Name _\p: #REF!
Name _\s: #REF!
Name __\c: #REF!
Name __\P: #REF!
Name __\x: #REF!
Name ___\P: #REF!
Name ___\z: #REF!
Name ____\0: #REF!
Name ____\a: #REF!
Name ____\I: #REF!
Name ____\S: #REF!
Name ____\z: #REF!
Name _____\z: #REF!
Name ______\S: #REF!
Name _______\I: #REF!
Name ________\0: #REF!
Name ________\1: #REF!
Name ________\2: #REF!
Name ________\a: #REF!
Name ________\I: #REF!
Name ________\m: #REF!
Name ________\p: #REF!
Name ________\s: #REF!
Name ___________________________PM334: #REF!
Name ___________________________PM335: #REF!
Name ___________________________pm346: #REF!
Name ___________________________PM406: #REF!
Name ___________________________PM970: #REF!
Name __________________________OUT98: #REF!
Name __________________________PL1: #REF!
Name __________________________PM334: #REF!
Name __________________________PM335: #REF!
Name __________________________pm346: #REF!
Name __________________________PM406: #REF!
Name __________________________PM970: #REF!
Name _________________________OUT98: #REF!
Name _________________________PM334: #REF!
Name _________________________PM335: #REF!
Name _________________________pm346: #REF!
Name _________________________PM406: #REF!
Name _________________________PM970: #REF!
Name ________________________OUT98: #REF!
Name ________________________PM334: #REF!
Name ________________________PM335: #REF!
Name ________________________pm346: #REF!
Name ________________________PM406: #REF!
Name ________________________PM970: #REF!
Name _______________________OUT98: #REF!
Name _______________________PCM30: #REF!

Sheet Resumo
A2: DISCRIMINAÇÃO
F3: Base: Abril/2024 GOINFRA T-247
A4: I - SERVIÇOS | F4: VALOR (SEM DESON) | H4: Percent. (%)
A5: Serviços Preliminares | F5: R$ | G5: =Orçamento!J10 -> 286795.56 | H5: =G5/G$17 -> 0.069795306
A6: Ponte sobre o Rio do Crixás Mirim
A7: Infraestrutura | F7: R$ | G7: =Orçamento!J28 -> 184471.59 | H7: =G7/G$17 -> 0.044893481
A8: Mesoestrutura | F8: R$ | G8: =Orçamento!J36 -> 93028.28 | H8: =G8/G$17 -> 0.022639602
A9: Superestrutura | F9: R$ | G9: =Orçamento!J61 -> 1396983.3 | H9: =G9/G$17 -> 0.33997345
A10: Terraplenagem | F10: R$ | G10: =Orçamento!J77 -> 1188342.9 | H10: =G10/G$17 -> 0.28919817
A11: Sinalização | F11: R$ | G11: =Orçamento!J85 -> 127069.95 | H11: =G11/G$17 -> 0.03092407
A12: Sinalização Provisória | F12: R$ | G12: =Orçamento!J94 -> 25586.63 | H12: =G12/G$17 -> 0.0062268281
A13: Obras de Arte Corrente | F13: R$ | G13: =Orçamento!J102 -> 218345.5 | H13: =G13/G$17 -> 0.053137123
A14: Obras Complementares | F14: R$ | G14: =Orçamento!J107 -> 71534.86 | H14: =G14/G$17 -> 0.017408908
A15: Transporte | F15: R$ | G15: =Orçamento!J114 -> 299981.3 | H15: =G15/G$17 -> 0.073004221
A16: Administração Local | F16: R$ | G16: =Orçamento!J120 -> 216955.46 | H16: =G16/G$17 -> 0.052798839
A17: Total geral | F17: R$ | G17: =SUM(G5:G16) -> 4109095.3 | H17: =G17/G$17 -> 1 | J17: =G17-Orçamento!J122 -> 0
A18: GOINFRA - GOIÁS | F18: RESUMO DO ORÇAMENTO | J18: =G17/50 -> 82181.905
A20: Obra: | B20: Ponte Rio Crixás Mirim | F20: PROJETO DE ENGENHARIA
A21: Rodovia: | B21: GO-347
A22: Trecho: | B22: Mozarlândia – Crixás
A23: Coord: | B23: -14º41'24,92'' / -50º11'05.14''
A24: Extensão: | B24: 50,00m | D24: Largura: | E24: 10,40 m
A25: BDI (Serv): | B25: =BDI!D19/100 -> 0.206 | D25: BDI(Mat-Equip) | E25: =BDI!D35/100 -> 0.1185

Sheet Orçamento
A1: ="OBRA: "&UPPER(Resumo!$B$20) -> OBRA: PONTE RIO CRIXÁS MIRIM | D1: BONIFICAÇÃO E | G1: AGÊNCIA GOIANIA DE INFRAESTRUTURA E TRANSPORTES
A2: ="RODOVIA: "&UPPER(Resumo!$B$21) -> RODOVIA: GO-347 | D2: DESPESAS INDIRETAS | G2: QUADRO DE QUANTIDADES E CUSTOS
A3: ="TRECHO: "&UPPER(Resumo!$B$22) -> TRECHO: MOZARLÂNDIA – CRIXÁS | D3: BDI normal: | F3: =BDI!D19/100 -> 0.206 | G3: TABELA REFERÊNCIA: GOINFRA
A4: ="COORDENADAS: "&UPPER(Resumo!$B$23) -> COORDENADAS: -14º41'24,92'' / -50º11'05.14'' | D4: BDI Mat./Equip: | F4: =BDI!D35/100 -> 0.1185 | G4: DATA BASE: ABRIL / 2024 (SEM DESON) T-247
A5: ITEM | B5: CÓDIGO | C5: ITENS DE SERVIÇO | D5: ESPECIF | E5: DMT | F5: UNID | G5: QUANT. | H5: PREÇO UNIT SEM BDI | I5: PREÇO UNIT COM BDI | J5: VALOR (R$)
A7: 1 | C7: SERVIÇOS PRELIMINARES
A8: 1.1 | B8: 42290 | C8: Canteiro de Obra Tipo Faixa F | F8: unid | G8: 1 | H8: =I8/(1+F$3) -> 173713.17 | I8: =VLOOKUP(B8,'T-247 +SICRO'!A:D,4,0) -> 209498.08 | J8: =TRUNC(G8*I8,2) -> 209498.08 | L8: =J8/8 -> 26187.26 | M8: =L8/J10 -> 0.091309852
A9: 1.2 | B9: 42301 | C9: Mobilização / Desmobilização Tipo Faixa F | F9: unid | G9: 1 | H9: =I9/(1+F$3) -> 64094.1 | I9: =MOBI!J53 -> 77297.485 | J9: =TRUNC(G9*I9,2) -> 77297.48 | L9: =J9/2 -> 38648.74
C10: Subtotal de serviços preliminares | J10: =SUM(J8:J9) -> 286795.56 | K10: =J10 -> 286795.56 | L10: =SUM(L8:L9) -> 64836 | M10: =L10/J10 -> 0.22607045
A12: 2 | C12: PONTE SOBRE O RIO CRIXÁS MIRIM
A13: 2.1 | C13: INFRAESTRUTURA
A14: 2.1.1 | C14: Estacas
A15: 2.1.1.1 | B15: CP-02 | C15: Estaca de concreto armado pré-moldada 35 x 35 cm - sem emenda - confecção e cravação | F15: m | G15: 360 | H15: =Composições!$I$59 -> 196 | I15: =TRUNC(H15*(1+$F$3),2) -> 236.37 | J15: =TRUNC(G15*I15,2) -> 85093.2
A16: 2.1.1.2 | B16: 2306248 | C16: Arrasamento de estacas de concreto com seção superior à 900 cm² | F16: m³ | G16: =0.35*0.35*1*24 -> 2.94 | H16: =Composições!$I$29 -> 513.75 | I16: =TRUNC(H16*(1+$F$3),2) -> 619.58 | J16: =TRUNC(G16*I16,2) -> 1821.56
A17: 2.1.1.3 | B17: 2306017 | C17: Emenda de estacas por soldagem | F17: m | G17: =0.35*4*24 -> 33.6 | H17: =Composições!I407 -> 41.1656 | I17: =TRUNC(H17*(1+$F$3),2) -> 49.64 | J17: =TRUNC(G17*I17,2) -> 1667.9
C18: Subtotal de Estacas | J18: =SUM(J15:J17) -> 88582.66
A20: 2.1.2 | C20: Blocos + Vigas de Equilíbrio
A21: 2.1.2.1 | B21: 45020 | C21: Escavação Mecanizada | F21: m³ | G21: 136.16 | H21: =I21/(1+F$3) -> 6.8242123 | I21: =VLOOKUP(B21,'T-247 +SICRO'!A:D,4,0) -> 8.23 | J21: =TRUNC(G21*I21,2) -> 1120.59
A22: 2.1.2.2 | B22: 45050 | C22: Concreto Fck=15MPa (AC/BC) | F22: m³ | G22: 3.89 | H22: =I22/(1+F$3) -> 433.72305 | I22: =VLOOKUP(B22,'T-247 +SICRO'!A:D,4,0) -> 523.07 | J22: =TRUNC(G22*I22,2) -> 2034.74
A23: 2.1.2.3 | B23: 45166 | C23: Concreto Fck=30MPa com aditivo (AC/BC) | F23: m³ | G23: 56.83 | H23: =I23/(1+F$3) -> 500.199 | I23: =VLOOKUP(B23,'T-247 +SICRO'!A:D,4,0) -> 603.24 | J23: =TRUNC(G23*I23,2) -> 34282.12
A24: 2.1.2.4 | B24: 45155 | C24: Aço CA50/60 aquisição, armação e colocação (incluso perdas) - Infraestrutura | F24: kg | G24: 3595 | H24: =I24/(1+F$3) -> 11.716418 | I24: =VLOOKUP(B24,'T-247 +SICRO'!A:D,4,0) -> 14.13 | J24: =TRUNC(G24*I24,2) -> 50797.35
A25: 2.1.2.5 | B25: 45145 | C25: Forma chapa compensada resinada 12mm (incluso desforma) | F25: m² | G25: 82.56 | H25: =I25/(1+F$3) -> 76.873964 | I25: =VLOOKUP(B25,'T-247 +SICRO'!A:D,4,0) -> 92.71 | J25: =TRUNC(G25*I25,2) -> 7654.13
C26: Subtotal de Blocos + Vigas de Equilíbrio | J26: =SUM(J21:J25) -> 95888.93
C28: Subtotal de Infraestrutura | J28: =J18+J26 -> 184471.59 | K28: =J28 -> 184471.59
A30: 2.2 | C30: MESOESTRUTURA
A31: 2.2.1 | C31: Pilares + Viga do Pórtico + Aparelhos de Apoio
A32: 2.2.1.1 | B32: 45166 | C32: Concreto Fck=30MPa com aditivo (AC/BC) | F32: m³ | G32: 23.37 | H32: =I32/(1+F$3) -> 500.199 | I32: =VLOOKUP(B32,'T-247 +SICRO'!A:D,4,0) -> 603.24 | J32: =TRUNC(G32*I32,2) -> 14097.71
A33: 2.2.1.2 | B33: 45155 | C33: Aço CA50/60 aquisição, armação e colocação (incluso perdas) - Mesoestrutura | F33: kg | G33: 4370 | H33: =I33/(1+F$3) -> 11.716418 | I33: =VLOOKUP(B33,'T-247 +SICRO'!A:D,4,0) -> 14.13 | J33: =TRUNC(G33*I33,2) -> 61748.1
A34: 2.2.1.3 | B34: 45145 | C34: Forma chapa compensada resinada 12mm (incluso desforma) | F34: m² | G34: 83.26 | H34: =I34/(1+F$3) -> 76.873964 | I34: =VLOOKUP(B34,'T-247 +SICRO'!A:D,4,0) -> 92.71 | J34: =TRUNC(G34*I34,2) -> 7719.03
A35: 2.2.1.4 | B35: 45235 | C35: Neoprene | F35: Kg | G35: 168.96 | H35: =I35/(1+F$3) -> 46.442786 | I35: =VLOOKUP(B35,'T-247 +SICRO'!A:D,4,0) -> 56.01 | J35: =TRUNC(G35*I35,2) -> 9463.44
C36: Subtotal de mesoestrutura | J36: =SUM(J32:J35) -> 93028.28
A38: 2.3 | C38: SUPERESTRUTURA
A39: 2.3.1 | C39: Longarinas + Transversinas
A40: 2.3.1.1 | B40: 45166 | C40: Concreto Fck=30MPa com aditivo (AC/BC) | F40: m³ | G40: 127.16 | H40: =I40/(1+F$3) -> 500.199 | I40: =VLOOKUP(B40,'T-247 +SICRO'!A:D,4,0) -> 603.24 | J40: =TRUNC(G40*I40,2) -> 76707.99
A41: 2.3.1.2 | B41: 45155 | C41: Aço CA50/60 aquisição, armação e colocação (incluso perdas) - Superestrutura | F41: kg | G41: 31447 | H41: =I41/(1+F$3) -> 11.716418 | I41: =VLOOKUP(B41,'T-247 +SICRO'!A:D,4,0) -> 14.13 | J41: =TRUNC(G41*I41,2) -> 444346.11
A42: 2.3.1.3 | B42: 45145 | C42: Forma chapa compensada resinada 12mm (incluso desforma) | F42: m² | G42: 518.73 | H42: =I42/(1+F$3) -> 76.873964 | I42: =VLOOKUP(B42,'T-247 +SICRO'!A:D,4,0) -> 92.71 | J42: =TRUNC(G42*I42,2) -> 48091.45
C43: Subtotal de Longarinas | J43: =SUM(J40:J42) -> 569145.55
A45: 2.3.2 | C45: Laje + Alas + Berços + Cortinas
A46: 2.3.2.1 | B46: 45166 | C46: Concreto Fck=30MPa com aditivo (AC/BC) | F46: m³ | G46: 162.36 | H46: =I46/(1+F$3) -> 500.199 | I46: =VLOOKUP(B46,'T-247 +SICRO'!A:D,4,0) -> 603.24 | J46: =TRUNC(G46*I46,2) -> 97942.04
A47: 2.3.2.2 | B47: 45155 | C47: Aço CA50/60 aquisição, armação e colocação (incluso perdas) - Superestrutura | F47: kg | G47: 18976 | H47: =I47/(1+F$3) -> 11.716418 | I47: =VLOOKUP(B47,'T-247 +SICRO'!A:D,4,0) -> 14.13 | J47: =TRUNC(G47*I47,2) -> 268130.88
A48: 2.3.2.3 | B48: 45145 | C48: Forma chapa compensada resinada 12mm (incluso desforma) | F48: m² | G48: 688.53 | H48: =I48/(1+F$3) -> 76.873964 | I48: =VLOOKUP(B48,'T-247 +SICRO'!A:D,4,0) -> 92.71 | J48: =TRUNC(G48*I48,2) -> 63833.61
A49: 2.3.2.4 | B49: 45135 | C49: Escoramento para ponte | F49: m³ | G49: 2683 | H49: =I49/(1+F$3) -> 82.537313 | I49: =VLOOKUP(B49,'T-247 +SICRO'!A:D,4,0) -> 99.54 | J49: =TRUNC(G49*I49,2) -> 267065.82
C50: Subtotal de Laje + Alas + Berços + Cortinas | J50: =SUM(J46:J49) -> 696972.35
A52: 2.3.3 | C52: Barreia New Jersey + Placa de Transição + Acabamentos
A53: 2.3.3.1 | B53: 45166 | C53: Concreto Fck=30MPa com aditivo (AC/BC) | F53: m³ | G53: 45.46 | H53: =I53/(1+F$3) -> 500.199 | I53: =VLOOKUP(B53,'T-247 +SICRO'!A:D,4,0) -> 603.24 | J53: =TRUNC(G53*I53,2) -> 27423.29
A54: 2.3.3.2 | B54: 45155 | C54: Aço CA50/60 aquisição, armação e colocação (incluso perdas) - Superestrutura | F54: kg | G54: 4471 | H54: =I54/(1+F$3) -> 11.716418 | I54: =VLOOKUP(B54,'T-247 +SICRO'!A:D,4,0) -> 14.13 | J54: =TRUNC(G54*I54,2) -> 63175.23
A55: 2.3.3.3 | B55: 45145 | C55: Forma chapa compensada resinada 12mm (incluso desforma) | F55: m² | G55: 231.28 | H55: =I55/(1+F$3) -> 76.873964 | I55: =VLOOKUP(B55,'T-247 +SICRO'!A:D,4,0) -> 92.71 | J55: =TRUNC(G55*I55,2) -> 21441.96
A56: 2.3.3.4 | B56: 45230 | C56: Drenos 100mm | F56: un | G56: 25 | H56: =I56/(1+F$3) -> 7.5870647 | I56: =VLOOKUP(B56,'T-247 +SICRO'!A:D,4,0) -> 9.15 | J56: =TRUNC(G56*I56,2) -> 228.75
A57: 2.3.3.5 | B57: 45166 | C57: Concreto Fck=30MPa com aditivo (AC/BC) | F57: m³ | G57: 24 | H57: =I57/(1+F$3) -> 500.199 | I57: =VLOOKUP(B57,'T-247 +SICRO'!A:D,4,0) -> 603.24 | J57: =TRUNC(G57*I57,2) -> 14477.76
A58: 2.3.3.6 | B58: 42440 | C58: Limpeza geral | F58: m² | G58: =50*10.4 -> 520 | H58: =I58/(1+F$3) -> 6.5671642 | I58: =VLOOKUP(B58,'T-247 +SICRO'!A:D,4,0) -> 7.92 | J58: =TRUNC(G58*I58,2) -> 4118.4
C59: Subtotal de Barreia New Jersey + Placa de Transição + Acabamentos | J59: =SUM(J53:J58) -> 130865.39
C61: Subtotal de Superestrutura | J61: =J43+J50+J59 -> 1396983.3 | K61: =J61 -> 1396983.3
A63: 2.4 | C63: TERRAPLENAGEM
A64: 2.4.1 | B64: 40001 | C64: Desmatamento, destocamento e limpeza - Árvores com diâmetros menores de 15cm | F64: m² | G64: 55572 | H64: =I64/(1+F$3) -> 0.49751244 | I64: =VLOOKUP(B64,'T-247 +SICRO'!A:D,4,0) -> 0.6 | J64: =TRUNC(G64*I64,2) -> 33343.2
A65: 2.4.2 | B65: 40090 | C65: Escav. E carga 1ª categ. - Sem transporte | F65: m³ | G65: 3222.5 | H65: =I65/(1+F$3) -> 1.8159204 | I65: =VLOOKUP(B65,'T-247 +SICRO'!A:D,4,0) -> 2.19 | J65: =TRUNC(G65*I65,2) -> 7057.27
A66: 2.4.3 | B66: 40015 | C66: Escav., carga e transporte de mat. 1ª categ. - c/escavadeira - (DT: 51 A 200m) | F66: m³ | G66: 4591.42 | H66: =I66/(1+F$3) -> 6.6334992 | I66: =VLOOKUP(B66,'T-247 +SICRO'!A:D,4,0) -> 8 | J66: =TRUNC(G66*I66,2) -> 36731.36
A67: 2.4.4 | B67: 40016 | C67: Escav., carga e transporte de mat. 1ª categ. - c/escavadeira - (DT: 201 A 400m) | F67: m³ | G67: 5679.33 | H67: =I67/(1+F$3) -> 7.6782753 | I67: =VLOOKUP(B67,'T-247 +SICRO'!A:D,4,0) -> 9.26 | J67: =TRUNC(G67*I67,2) -> 52590.59
A68: 2.4.5 | B68: 40017 | C68: Escav., carga e transporte de mat. 1ª categ. - c/escavadeira - (DT: 401 A 600m) | F68: m³ | G68: 18788.46 | H68: =I68/(1+F$3) -> 8.1343284 | I68: =VLOOKUP(B68,'T-247 +SICRO'!A:D,4,0) -> 9.81 | J68: =TRUNC(G68*I68,2) -> 184314.79
A69: 2.4.6 | B69: 40018 | C69: Escav., carga e transporte de mat. 1ª categ. - c/escavadeira - (DT: 601 A 800m) | F69: m³ | G69: 204.95 | H69: =I69/(1+F$3) -> 9.1376451 | I69: =VLOOKUP(B69,'T-247 +SICRO'!A:D,4,0) -> 11.02 | J69: =TRUNC(G69*I69,2) -> 2258.54
A70: 2.4.7 | B70: 40019 | C70: Escav., carga e transporte de mat. 1ª categ. - c/escavadeira - (DT: 801 A 1.000m) | F70: m³ | G70: 16156.32 | H70: =I70/(1+F$3) -> 9.668325 | I70: =VLOOKUP(B70,'T-247 +SICRO'!A:D,4,0) -> 11.66 | J70: =TRUNC(G70*I70,2) -> 188382.69
A71: 2.4.8 | B71: 40020 | C71: Escav., carga e transporte de mat. 1ª categ. - c/escavadeira - (DT: 1001 A 1200m) | F71: m³ | G71: 11577.8 | H71: =I71/(1+F$3) -> 10.149254 | I71: =VLOOKUP(B71,'T-247 +SICRO'!A:D,4,0) -> 12.24 | J71: =TRUNC(G71*I71,2) -> 141712.27
A72: 2.4.9 | B72: 40021 | C72: Escav., carga e transporte de mat. 1ª categ. - c/escavadeira - (DT: 1201 A 1400m) | F72: m³ | G72: 7655.37 | H72: =I72/(1+F$3) -> 11.003317 | I72: =VLOOKUP(B72,'T-247 +SICRO'!A:D,4,0) -> 13.27 | J72: =TRUNC(G72*I72,2) -> 101586.75
A73: 2.4.10 | B73: 40100 | C73: Compactação a 95% do Proctor normal | F73: m³ | G73: 35896 | H73: =I73/(1+F$3) -> 4.2371476 | I73: =VLOOKUP(B73,'T-247 +SICRO'!A:D,4,0) -> 5.11 | J73: =TRUNC(G73*I73,2) -> 183428.56
A74: 2.4.11 | B74: 40101 | C74: Compactação a 100% dp Proctor normal | F74: m³ | G74: 18030 | H74: =I74/(1+F$3) -> 4.7429519 | I74: =VLOOKUP(B74,'T-247 +SICRO'!A:D,4,0) -> 5.72 | J74: =TRUNC(G74*I74,2) -> 103131.6
A75: 2.4.12 | B75: 42856 | C75: Enrocamento de pedra argamassada | F75: m³ | G75: 382.39 | H75: =I75/(1+F$3) -> 259.76783 | I75: =VLOOKUP(B75,'T-247 +SICRO'!A:D,4,0) -> 313.28 | J75: =TRUNC(G75*I75,2) -> 119795.13
A76: 2.4.13 | B76: 40895 | C76: Semeadura natural | F76: m² | G76: 14787 | H76: =I76/(1+F$3) -> 1.907131 | I76: =VLOOKUP(B76,'T-247 +SICRO'!A:D,4,0) -> 2.3 | J76: =TRUNC(G76*I76,2) -> 34010.1
C77: Subtotal de Movimento de Terra (Encabeçamento das Cortinas e Alas) | J77: =SUM(J64:J76) -> 1188342.9
A79: 2.5 | C79: SINALIZAÇÃO VERTICAL
A80: 2.5.1 | B80: 5213571 | C80: Fornecimento e implantação de placa em aço - película I + III | F80: m² | G80: 12.32 | H80: =Composições!$I$103 -> 439.3 | I80: =TRUNC(H80*(1+$F$3),2) -> 529.79 | J80: =TRUNC(G80*I80,2) -> 6527.01
A81: 2.5.2 | B81: 3713604 | C81: Defensa semimaleável simples - fornecimento e implantação | F81: m | G81: 120 | H81: =Composições!$I$134 -> 501.86 | I81: =TRUNC(H81*(1+$F$3),2) -> 605.24 | J81: =TRUNC(G81*I81,2) -> 72628.8
A82: 2.5.3 | B82: 3713605 | C82: Ancoragem de defensa semimaleável simples - fornecimento e implantação | F82: m | G82: 64 | H82: =Composições!$I$165 -> 555.62 | I82: =TRUNC(H82*(1+$F$3),2) -> 670.07 | J82: =TRUNC(G82*I82,2) -> 42884.48
A83: 2.5.4 | B83: 3713690 | C83: Terminal de ancoragem de defensa metálica em barreira New Jersey - fornecimento e implantação | F83: un | G83: 4 | H83: =Composições!$I$196 -> 546.85 | I83: =TRUNC(H83*(1+$F$3),2) -> 659.5 | J83: =TRUNC(G83*I83,2) -> 2638
A84: 2.5.5 | B84: 5216111 | C84: Fornecimento e implantação de suporte e travessa para placa de sinalização em madeira de lei tratada 8x8 cm | F84: unid | G84: 18 | H84: 110.18 | I84: =TRUNC(H84*(1+$F$3),2) -> 132.87 | J84: =TRUNC(G84*I84,2) -> 2391.66
C85: Subtotal de Sinalização Horizontal e Vertical | J85: =SUM(J80:J84) -> 127069.95
A87: 2.6 | C87: SINALIZAÇÃO PROVISÓRIA
A88: 2.6.1 | B88: 5213571 | C88: Fornecimento e implantação de placa em aço - película I + III | F88: m² | G88: 14 | H88: =H80 -> 439.3 | I88: =TRUNC(H88*(1+$F$3),2) -> 529.79 | J88: =TRUNC(G88*I88,2) -> 7417.06
A89: 2.6.2 | B89: 5216111 | C89: Fornecimento e implantação de suporte e travessa para placa de sinalização em madeira de lei tratada 8x8 cm | F89: unid | G89: 27 | H89: =H84 -> 110.18 | I89: =TRUNC(H89*(1+$F$3),2) -> 132.87 | J89: =TRUNC(G89*I89,2) -> 3587.49
A90: 2.6.3 | B90: 5213835 | C90: Cone plástico para canalização de trânsito - utilização de 5 vezes | F90: unid.dia | G90: 9000 | H90: =VLOOKUP(B90,'T-247 +SICRO'!A:D,4,0) -> 0.83 | I90: =TRUNC(H90*(1+$F$3),2) -> 1 | J90: =TRUNC(G90*I90,2) -> 9000
A91: 2.6.4 | B91: 5213848 | C91: Dispositivo de canalização de trânsito com luz de advertência e bateria - utilização de 200 vezes | F91: unid | G91: 600 | H91: =VLOOKUP(B91,'T-247 +SICRO'!A:D,4,0) -> 1.08 | I91: =TRUNC(H91*(1+$F$3),2) -> 1.3 | J91: =TRUNC(G91*I91,2) -> 780
A92: 2.6.5 | B92: 5213838 | C92: Cilindro canalizador de tráfego com base quadrada de 111 x 56 x 56 cm - utilização de 10 vezes | F92: unid | G92: 720 | H92: =VLOOKUP(B92,'T-247 +SICRO'!A:D,4,0) -> 4.47 | I92: =TRUNC(H92*(1+$F$3),2) -> 5.39 | J92: =TRUNC(G92*I92,2) -> 3880.8
A93: 2.6.46 | B93: 5213387 | C93: Barreira de sinalização tipo III de direcionamento ou bloqueio - utilização de 10 vezes | F93: unid | G93: 1 | H93: =VLOOKUP(B93,'T-247 +SICRO'!A:D,4,0) -> 763.92 | I93: =TRUNC(H93*(1+$F$3),2) -> 921.28 | J93: =TRUNC(G93*I93,2) -> 921.28
C94: Subtotal de Sinalização Provisória | J94: =SUM(J88:J93) -> 25586.63
A96: 2.7 | C96: OBRAS DE ARTE CORRENTES
A97: 2.7.1 | B97: 45020 | C97: Escavação Mecanizada | F97: m³ | G97: 142.02 | H97: =I97/(1+F$3) -> 6.8242123 | I97: =VLOOKUP(B97,'T-247 +SICRO'!A:D,4,0) -> 8.23 | J97: =TRUNC(G97*I97,2) -> 1168.82
A98: 2.7.2 | B98: 0804303 | C98: Corpo de BTTC D = 1,20 m CA2 - areia, brita e pedra de mão comerciais | F98: m | G98: 14.04 | H98: =Composições!$I$229 -> 3075.93 | I98: =TRUNC(H98*(1+$F$3),2) -> 3709.57 | J98: =TRUNC(G98*I98,2) -> 52082.36
A99: 2.7.3 | B99: 0804317 | C99: Boca BTTC D = 1,00 m - esconsidade 0° - areia e brita comerciais - alas retas | F99: un | G99: 2 | H99: =Composições!$I$259 -> 2244.84 | I99: =TRUNC(H99*(1+$F$3),2) -> 2707.27 | J99: =TRUNC(G99*I99,2) -> 5414.54
A100: 2.7.4 | B100: 0705271 | C100: Corpo de BDCC 2,00 x 2,00 m - moldado no local - altura do aterro 0,00 a 1,00 m | F100: m | G100: 16.45 | H100: =Composições!$I$297 -> 5603.07 | I100: =TRUNC(H100*(1+$F$3),2) -> 6757.3 | J100: =TRUNC(G100*I100,2) -> 111157.58
A101: 2.7.5 | B101: 0705322 | C101: Boca de BDCC 2,00 x 2,00 m - esconsidade 0° - areia e brita comerciais | F101: un | G101: 2 | H101: =Composições!$I$333 -> 20117 | I101: =TRUNC(H101*(1+$F$3),2) -> 24261.1 | J101: =TRUNC(G101*I101,2) -> 48522.2
C102: Subtotal de Obras de Arte Corrente | J102: =SUM(J97:J101) -> 218345.5
A104: 2.8 | C104: OBRAS COMPLEMENTARES
A105: 2.8.1 | B105: 40804 | C105: Remoção de cerca | F105: m | G105: 1543.86 | H105: =I105/(1+F$3) -> 4.8424544 | I105: =VLOOKUP(B105,'T-247 +SICRO'!A:D,4,0) -> 5.84 | J105: =TRUNC(G105*I105,2) -> 9016.14
A106: 2.8.2 | B106: 40800 | C106: Cerca de vedação de faixa de domínio em madeira | F106: m | G106: 3306.12 | H106: =I106/(1+F$3) -> 15.679934 | I106: =VLOOKUP(B106,'T-247 +SICRO'!A:D,4,0) -> 18.91 | J106: =TRUNC(G106*I106,2) -> 62518.72
C107: Subtotal de Obras Complementares | J107: =SUM(J105:J106) -> 71534.86
A109: 2.9 | C109: TRANSPORTE
A110: 2.9.1 | C110: MATERIAL BÁSICO
A111: 2.9.1.1 | B111: 40451 | C111: Transporte comercial de material básico | F111: tkm | G111: ='Momento de Transporte'!G11+'Momento de Transporte'!H11 -> 98434.452 | H111: =I111/(1+F$3) -> 0.62189055 | I111: =VLOOKUP(B111,'T-247 +SICRO'!A:D,4,0) -> 0.75 | J111: =TRUNC(G111*I111,2) -> 73825.83
A112: 2.9.2 | C112: AGREGADOS
A113: 2.9.2.1 | B113: 45205 | C113: Transporte comercial de agregados - OAE | F113: tkm | G113: ='Momento de Transporte'!G18+'Momento de Transporte'!H18 -> 248522.5 | H113: =I113/(1+F$3) -> 0.75456053 | I113: =VLOOKUP(B113,'T-247 +SICRO'!A:D,4,0) -> 0.91 | J113: =TRUNC(G113*I113,2) -> 226155.47
C114: Subtotal de Transporte | J114: =SUM(J111:J113) -> 299981.3
C116: Total Ponte sobre o Rio Crixás Mirim | J116: =J85+J77+J61+J28+J114+J102+J107+J94+J36 -> 3605344.2
...

Sheet Cronograma
A1: AGÊNCIA GOIANIA DE INFRAESTRUTURA E TRANSPORTES | I1: ESTADO DE GOIÁS
A4: ="Obra: "&Resumo!B20 -> Obra: Ponte Rio Crixás Mirim | I4: CRONOGRAMA FÍSICO - FINANCEIRO
A5: ="Rodovia: "&Resumo!B21 -> Rodovia: GO-347
A6: ="Trecho: "&Resumo!B22 -> Trecho: Mozarlândia – Crixás
A7: ="Coordenadas: "&UPPER(Resumo!$B$23) -> Coordenadas: -14º41'24,92'' / -50º11'05.14'' | H7: D. Base: Abr/2024 (S/D)
A9: ITEM | B9: SERVIÇOS | E9: CRONOGRAMA FÍSICO - FINANCEIRO
E10: Meses
B11: DISCRIMINAÇÃO | D11: TOTAL | E11: 1 | G11: =E11+1 -> 2 | I11: =G11+1 -> 3 | K11: =I11+1 -> 4 | M11: =K11+1 -> 5
D12: (R$) | E12: % | F12: VALOR | G12: % | H12: VALOR | I12: % | J12: VALOR | K12: % | L12: VALOR | M12: % | N12: VALOR
A13: 1 | B13: Serviços preliminares | D13: =Resumo!G5 -> 286795.56 | E13: 0.2261 | F13: =E13*$D13 -> 64844.476 | G13: 0.0913 | H13: =G13*$D13 -> 26184.435 | I13: 0.0913 | J13: =I13*$D13 -> 26184.435 | K13: 0.0913 | L13: =K13*$D13 -> 26184.435 | M13: 0.0913 | N13: =M13*$D13 -> 26184.435
A14: 2 | B14: =Resumo!A6 -> Ponte sobre o Rio do Crixás Mirim
A15: 2.1 | B15: Infraestrutura | D15: =Resumo!G7 -> 184471.59 | E15: 0.25 | F15: =E15*$D15 -> 46117.897 | G15: 0.75 | H15: =G15*$D15 -> 138353.69 | N15: =M15*$D15 -> 0
A16: 2.2 | B16: Mesoestrutura | D16: =Resumo!G8 -> 93028.28 | G16: 0.5 | H16: =G16*$D16 -> 46514.14 | I16: 0.5 | J16: =I16*$D16 -> 46514.14 | N16: =M16*$D16 -> 0
A17: 2.3 | B17: Superestrutura | D17: =Resumo!G9 -> 1396983.3 | J17: =I17*$D17 -> 0 | K17: 0.2 | L17: =K17*$D17 -> 279396.66 | M17: 0.2 | N17: =M17*$D17 -> 279396.66
A18: 2.4 | B18: Terraplenagem | D18: =Resumo!G10 -> 1188342.9 | E18: 0.25 | F18: =E18*$D18 -> 297085.71 | G18: 0.25 | H18: =G18*$D18 -> 297085.71 | I18: 0.25 | J18: =I18*$D18 -> 297085.71 | N18: =M18*$D18 -> 0
A19: 2.5 | B19: Sinalização | D19: =Resumo!G11 -> 127069.95 | J19: =I19*$D19 -> 0 | L19: =K19*$D19 -> 0 | N19: =M19*$D19 -> 0
A20: 2.6 | B20: Sinalização Provsória | D20: =Resumo!G12 -> 25586.63 | E20: 0.5 | F20: =E20*$D20 -> 12793.315 | G20: 0.25 | H20: =G20*$D20 -> 6396.6575 | I20: 0.25 | J20: =I20*$D20 -> 6396.6575
A21: 2.7 | B21: Obras de arte corrente | D21: =Resumo!G13 -> 218345.5 | E21: 0.5 | F21: =E21*$D21 -> 109172.75 | G21: 0.5 | H21: =G21*$D21 -> 109172.75
A22: 2.8 | B22: Obras Complementares | D22: =Resumo!G14 -> 71534.86 | E22: 1 | F22: =E22*$D22 -> 71534.86
A23: 2.9 | B23: Transporte | D23: =Resumo!G15 -> 299981.3 | E23: 0.25 | F23: =E23*$D23 -> 74995.325 | G23: 0.25 | H23: =G23*$D23 -> 74995.325 | I23: 0.25 | J23: =I23*$D23 -> 74995.325 | K23: 0.25 | L23: =K23*$D23 -> 74995.325 | N23: =M23*$D23 -> 0
A24: 3 | B24: Administração local | D24: =Resumo!G16 -> 216955.46 | G24: =100/6/100 -> 0.16666667 | H24: =G24*$D24 -> 36159.243 | I24: =G24 -> 0.16666667 | J24: =I24*$D24 -> 36159.243 | K24: =I24 -> 0.16666667 | L24: =K24*$D24 -> 36159.243 | M24: =K24 -> 0.16666667 | N24: =M24*$D24 -> 36159.243
A25: Faturamento simples (R$) | D25: =SUM(D13:D24) -> 4109095.3 | E25: =ROUND(F25/$D$26,4) -> 0.1646 | F25: =SUM(F13:F24) -> 676544.34 | G25: =ROUND(H25/$D$26,4) -> 0.1788 | H25: =SUM(H13:H24) -> 734861.96 | I25: =ROUND(J25/$D$26,4) -> 0.1186 | J25: =SUM(J13:J24) -> 487335.51 | K25: =ROUND(L25/$D$26,4) -> 0.1014 | L25: =SUM(L13:L24) -> 416735.66 | M25: =ROUND(N25/$D$26,4) -> 0.0832 | N25: =SUM(N13:N24) -> 341740.34
A26: Faturamento acumulado (R$) | D26: =D25 -> 4109095.3 | E26: =ROUND(F26/$D$26,4) -> 0.1646 | F26: =F25 -> 676544.34 | G26: =ROUND(H26/$D$26,4) -> 0.3435 | H26: =SUM(F26+H25) -> 1411406.3 | I26: =ROUND(J26/$D$26,4) -> 0.4621 | J26: =SUM(H26+J25) -> 1898741.8 | K26: =ROUND(L26/$D$26,4) -> 0.5635 | L26: =SUM(J26+L25) -> 2315477.5 | M26: =ROUND(N26/$D$26,4) -> 0.6467 | N26: =SUM(L26+N25) -> 2657217.8
A29: ITEM | B29: SERVIÇOS | E29: CRONOGRAMA FÍSICO - FINANCEIRO
E30: Meses
B31: DISCRIMINAÇÃO | D31: TOTAL | E31: 6 | G31: =E31+1 -> 7 | I31: =G31+1 -> 8 | K31: =I31+1 -> 9 | M31: =K31+1 -> 10
D32: (R$) | E32: % | F32: VALOR | G32: % | H32: VALOR | I32: % | J32: VALOR | K32: % | L32: VALOR | M32: % | N32: VALOR
A33: 1 | B33: Serviços preliminares | D33: =D13 -> 286795.56 | E33: 0.0913 | F33: =E33*$D33 -> 26184.435 | G33: 0.0913 | H33: =G33*$D33 -> 26184.435 | I33: 0.2261 | J33: =I33*$D33 -> 64844.476 | N33: =M33*$D33 -> 0 | Q33: =I33+G33+E33+M13+K13+I13+G13+E13 -> 1
A34: 2 | B34: =B14 -> Ponte sobre o Rio do Crixás Mirim
A35: 2.1 | B35: Infraestrutura | D35: =D15 -> 184471.59 | J35: =I35*$D35 -> 0 | L35: =K35*$D35 -> 0 | N35: =M35*$D35 -> 0
A36: 2.2 | B36: Mesoestrutura | D36: =D16 -> 93028.28 | L36: =K36*$D36 -> 0 | N36: =M36*$D36 -> 0
A37: 2.3 | B37: Superestrutura | D37: =D17 -> 1396983.3 | E37: 0.2 | F37: =E37*$D37 -> 279396.66 | G37: 0.2 | H37: =G37*$D37 -> 279396.66 | I37: 0.2 | J37: =I37*$D37 -> 279396.66 | N37: =M37*$D37 -> 0
A38: 2.4 | B38: Terraplenagem | D38: =D18 -> 1188342.9 | I38: 0.25 | J38: =I38*$D38 -> 297085.71 | L38: =K38*$D38 -> 0 | N38: =M38*$D38 -> 0
A39: 2.5 | B39: Sinalização | D39: =D19 -> 127069.95 | I39: 1 | J39: =I39*$D39 -> 127069.95 | L39: =K39*$D39 -> 0 | N39: =M39*$D39 -> 0
A40: 2.6 | B40: Sinalização Provsória | D40: =D20 -> 25586.63
A41: 2.7 | B41: Obras de arte corrente | D41: =D21 -> 218345.5
A42: 2.8 | B42: Obras Complementares | D42: =D22 -> 71534.86
A43: 2.9 | B43: Transporte | D43: =D23 -> 299981.3
A44: 3 | B44: Administração local | D44: =D24 -> 216955.46 | E44: =M24 -> 0.16666667 | F44: =E44*$D44 -> 36159.243 | G44: =E44 -> 0.16666667 | H44: =G44*$D44 -> 36159.243 | J44: =I44*$D44 -> 0 | L44: =K44*$D44 -> 0 | N44: =M44*$D44 -> 0
A45: Faturamento simples (R$) | D45: =SUM(D33:D44) -> 4109095.3 | E45: =ROUND(F45/$D$26,4) -> 0.0832 | F45: =SUM(F33:F44) -> 341740.34 | G45: =ROUND(H45/$D$26,4) -> 0.0832 | H45: =SUM(H33:H44) -> 341740.34 | I45: =ROUND(J45/$D$26,4) -> 0.187 | J45: =SUM(J33:J44) -> 768396.8
A46: Faturamento acumulado (R$) | D46: =D45 -> 4109095.3 | E46: =ROUND(F46/$D$26,4) -> 0.7298 | F46: =F45+N26 -> 2998958.1 | G46: =ROUND(H46/$D$26,4) -> 0.813 | H46: =SUM(F46+H45) -> 3340698.5 | I46: =ROUND(J46/$D$26,4) -> 1 | J46: =SUM(H46+J45) -> 4109095.3
J49: =J46-D46 -> 0

Sheet MOBI
A1: Mobilização / Desmobilização
A2: Equipamento | C2: Mobilizador | E2: FU (A) | F2: Hora Produtiva (B) | G2: DT* (C) | H2: Custo (D=AxB/60) | I2: Quantidade (E) | J2: Total (CxDxE)
A3: Autopropelidos
A4: 30050 | B4: CAMINHÃO APLICADOR DE MATERIAL TERMOPLÁSTICO | C4: 30050 | E4: 1 | F4: 10.85 | G4: 322 | H4: 8.58 | J4: =TRUNC(G4*H4*I4,2) -> 0
A5: 30037 | B5: CAMINHÃO BASCULANTE 10 M3 - 15 T | C5: 30037 | E5: 1 | F5: 6.66 | G5: 322 | H5: 5.56 | I5: 2 | J5: =TRUNC(G5*H5*I5,2) -> 3580.64
A6: 30036 | B6: CAMINHÃO BASCULANTE 6 M3 - 10,5 T | C6: 30036 | E6: 1 | F6: 3.99 | G6: 322 | H6: 3.34 | J6: =TRUNC(G6*H6*I6,2) -> 0
A7: 30035 | B7: CAMINHÃO CARROCERIA MADEIRA - 15 T | C7: 30035 | E7: 1 | F7: 5.94 | G7: 322 | H7: 4.61 | I7: 1 | J7: =TRUNC(G7*H7*I7,2) -> 1484.42
A8: 30125 | B8: CAMINHÃO COM BATE ESTACAS HIDRÁULICO PARA DEFENSA | C8: 30125 | E8: 1 | F8: 280.19 | G8: 322 | H8: 5.27 | I8: 1 | J8: =TRUNC(G8*H8*I8,2) -> 1696.94
A9: 30120 | B9: CAMINHÃO DISTRIBUIDOR DE CIMENTO | C9: 30120 | E9: 1 | F9: 428.33 | G9: 322 | H9: 7.94 | J9: =TRUNC(G9*H9*I9,2) -> 0
A10: 31062 | B10: CAMINHÃO MUNCK (GUINDAUTO) | C10: 31062 | E10: 1 | F10: 245.1 | G10: 322 | H10: 4.53 | I10: 1 | J10: =TRUNC(G10*H10*I10,2) -> 1458.66
A11: 30053 | B11: CAMINHÃO PARA HIDROSSEMEADURA | C11: 30053 | E11: 1 | F11: 291.65 | G11: 322 | H11: 5.36 | J11: =TRUNC(G11*H11*I11,2) -> 0
A12: 30049 | B12: CAMINHÃO PARA PINTURA A FRIO COM DEMARCADOR DE FAIXAS | C12: 30049 | E12: 1 | F12: 308.02 | G12: 322 | H12: 5.82 | J12: =TRUNC(G12*H12*I12,2) -> 0
A13: 30040 | B13: CAMINHÃO TANQUE 10.000L | C13: 30040 | E13: 1 | F13: 295.44 | G13: 322 | H13: 5.5 | I13: 1 | J13: =TRUNC(G13*H13*I13,2) -> 1771
A14: 30039 | B14: CAMINHÃO TANQUE 6.000L | C14: 30039 | E14: 1 | F14: 224.74 | G14: 322 | H14: 4.2 | I14: 1 | J14: =TRUNC(G14*H14*I14,2) -> 1352.4
A15: 30021 | B15: CAMINHÃO TANQUE DISTRIBUIDOR DE ASFALTO | C15: 30021 | E15: 1 | F15: 235.66 | G15: 322 | H15: 9.61 | J15: =TRUNC(G15*H15*I15,2) -> 0
A16: 30030 | B16: USINA MÓVEL PARA MICRO REVESTIMENTO | C16: 30030 | E16: 1 | F16: 622.11 | G16: 322 | H16: 11.51 | J16: =TRUNC(G16*H16*I16,2) -> 0
A17: Rebocados
A18: 30010 | B18: CARREGADEIRA DE PNEUS CAT - 924 H OU EQUIVALENTE | C18: =A18 -> 30010 | E18: 0.5 | F18: 380.42 | G18: 322 | H18: 4.44 | J18: =TRUNC(G18*H18*I18,2) -> 0
A19: 30007 | B19: CARREGADEIRA DE PNEUS CAT - 950 H OU EQUIVALENTE | C19: =A19 -> 30007 | E19: 0.5 | F19: 380.42 | G19: 322 | H19: 4.44 | J19: =TRUNC(G19*H19*I19,2) -> 0
A20: 30011 | B20: ESCAVADEIRA HIDRÁULICA - 320DL OU EQUIVALENTE | C20: =A20 -> 30011 | E20: 1 | F20: 380.42 | G20: 322 | H20: 8.89 | J20: =TRUNC(G20*H20*I20,2) -> 0
A21: 30057 | B21: ESCAVADEIRA HIDRÁULICA - CAT 323DL OU EQUIVALENTE | C21: =A21 -> 30057 | E21: 1 | F21: 380.42 | G21: 322 | H21: 8.89 | I21: 1 | J21: =TRUNC(G21*H21*I21,2) -> 2862.58
A22: 30019 | B22: FRESADORA A FRIO - W 200 F OU EQUIVALENTE | C22: =A22 -> 30019 | E22: 1 | F22: 380.42 | G22: 322 | H22: 8.89 | J22: =TRUNC(G22*H22*I22,2) -> 0
A23: 30058 | B23: MINI-CARREGADEIRA DE PNEUS COM VASSOURA DE 1,8 m | C23: =A23 -> 30058 | E23: 0.33 | F23: 380.42 | G23: 322 | H23: 2.66 | J23: =TRUNC(G23*H23*I23,2) -> 0
A24: 30046 | B24: MOTONIVELADORA - CAT 120K OU EQUIVALENTE | C24: =A24 -> 30046 | E24: 1 | F24: 380.42 | G24: 322 | H24: 8.89 | I24: 1 | J24: =TRUNC(G24*H24*I24,2) -> 2862.58
A25: 30029 | B25: PERFURATRIZ SOBRE ESTEIRAS - CRAWLER DRILL OU EQUIVALENTE | C25: =A25 -> 30029 | E25: 0.5 | F25: 380.42 | G25: 322 | H25: 8.89 | J25: =TRUNC(G25*H25*I25,2) -> 0
A26: 30101 | B26: RECICLADORA DE PAVIMENTO À FRIO - CATERPILLAR RM-500 OU EQUIVALENTE | C26: =A26 -> 30101 | E26: 1 | F26: 380.42 | G26: 322 | H26: 8.89 | J26: =TRUNC(G26*H26*I26,2) -> 0
A27: 30008 | B27: RETRO ESCAVADEIRA DE PNEUS - CATERPILLAR 416E OU EQUIVALENTE | C27: =A27 -> 30008 | E27: 0.5 | F27: 380.42 | G27: 322 | H27: 4.44 | I27: 1 | J27: =TRUNC(G27*H27*I27,2) -> 1429.68
A28: 30015 | B28: ROLO COMPACTADOR DE PNEUS AUTOPROPELIDO - 27 T | C28: =A28 -> 30015 | E28: 0.5 | F28: 380.42 | G28: 322 | H28: 8.89 | J28: =TRUNC(G28*H28*I28,2) -> 0
A29: 30012 | B29: ROLO LISO TANDEN - 6/8 T - CA-150 OU EQUIVALENTE | C29: =A29 -> 30012 | E29: 0.5 | F29: 380.42 | G29: 322 | H29: 4.44 | J29: =TRUNC(G29*H29*I29,2) -> 0
A30: 30014 | B30: ROLO LISO VIBRATÓRIO AUTOPROPELIDO - CS533 E OU EQUIVALENTE | C30: =A30 -> 30014 | E30: 0.5 | F30: 380.42 | G30: 322 | H30: 4.44 | J30: =TRUNC(G30*H30*I30,2) -> 0
A31: 30009 | B31: ROLO PÉ DE CARNEIRO AUTOPROPELIDO - CA 250 OU EQUIVALENTE | C31: =A31 -> 30009 | E31: 0.5 | F31: 380.42 | G31: 322 | H31: 4.44 | I31: 1 | J31: =TRUNC(G31*H31*I31,2) -> 1429.68
A32: 30020 | B32: TANQUE DE ESTOCAGEM ASFALTO (30.000L) | C32: =A32 -> 30020 | E32: 1 | F32: 380.42 | G32: 322 | H32: 8.89 | J32: =TRUNC(G32*H32*I32,2) -> 0
A33: 30005 | B33: TRATOR DE PNEUS AGRÍCOLA - MF 4292 OU EQUIVALENTE | C33: =A33 -> 30005 | E33: 0.5 | F33: 380.42 | G33: 322 | H33: 4.44 | I33: 1 | J33: =TRUNC(G33*H33*I33,2) -> 1429.68
A34: 30006 | B34: TRATOR DE PNEUS COM ROÇADEIRA | C34: =A34 -> 30006 | E34: 0.5 | F34: 380.42 | G34: 322 | H34: 4.44 | J34: =TRUNC(G34*H34*I34,2) -> 0
A35: 30001 | B35: TRATOR ESTEIRAS COM LÂMINA - CAT D8 OU EQUIVALENTE | C35: =A35 -> 30001 | E35: 1 | F35: 380.42 | G35: 322 | H35: 8.89 | J35: =TRUNC(G35*H35*I35,2) -> 0
A36: 30002 | B36: TRATOR ESTEIRAS COM ESCARIFICADOR - CAT D8 OU EQUIVALENTE | C36: =A36 -> 30002 | E36: 1 | F36: 380.42 | G36: 322 | H36: 8.89 | J36: =TRUNC(G36*H36*I36,2) -> 0
A37: 30000 | B37: TRATOR ESTEIRAS COM LAMINA - CAT D6 OU EQUIVALENTE | C37: =A37 -> 30000 | E37: 0.5 | F37: 380.42 | G37: 322 | H37: 8.89 | I37: 1 | J37: =TRUNC(G37*H37*I37,2) -> 2862.58
A38: 30059 | B38: TRATOR ESTEIRAS COM LAMINA - Komatsu: D41E-6 OU EQUIVALENTE | C38: =A38 -> 30059 | E38: - | F38: - | G38: 322 | H38: 4.44 | J38: =TRUNC(G38*H38*I38,2) -> 0
A39: 30025 | B39: USINA DE ASFALTO A QUENTE : DMC-2 - 40/60 T/H | C39: =A39 -> 30025 | E39: - | F39: - | G39: 322 | H39: 35.58 | J39: =TRUNC(G39*H39*I39,2) -> 0
A40: 30016 | B40: USINA MISTURADORA DE SOLO 300 t/h | C40: =A40 -> 30016 | E40: 2 | F40: 380.42 | G40: 322 | H40: 17.79 | J40: =TRUNC(G40*H40*I40,2) -> 0
A41: 30024 | B41: USINA PRÉ-MISTURADO A FRIO 60 t/h | C41: =A41 -> 30024 | E41: 1 | F41: 380.42 | G41: 322 | H41: 8.89 | J41: =TRUNC(G41*H41*I41,2) -> 0
A42: 30023 | B42: VIBROACABADORA DE ASFALTO SOBRE ESTEIRAS | C42: =A42 -> 30023 | E42: 0.5 | F42: 380.42 | G42: 322 | H42: 4.44 | J42: =TRUNC(G42*H42*I42,2) -> 0
A43: E9070 | B43: PONTE ROLANTE COM CAPACIDADE DE 5T E VÃO DE ATÉ 15M - 10kW | C43: =A43 -> E9070 | E43: - | F43: - | G43: 322 | H43: 8.83 | I43: 1 | J43: =TRUNC(G43*H43*I43,2) -> 2843.26
A44: E9076 | B44: EQUIPAMENTO PARA PINTURA ELETROSTÁTICA COM CABINE DUPLA DE 7,00 kW E ESTUFA DE 80.000 Kcal | C44: =A44 -> E9076 | E44: - | F44: - | G44: 322 | H44: 4.41 | I44: 1 | J44: =TRUNC(G44*H44*I44,2) -> 1420.02
A45: E9502 | B45: BATE-ESTACA DE GRAVIDADE PARA 6T - 119 KW | C45: =A45 -> E9502 | E45: - | F45: - | G45: 322 | H45: 8.83 | I45: 1 | J45: =TRUNC(G45*H45*I45,2) -> 2843.26
A46: Sub Total de Equipamento (F) : | J46: =SUM(J18:J45)+SUM(J4:J16) -> 31327.38
A47: Mão de Obra | G47: Percentual mobilizado (G) | H47: Custo (H) | I47: Total de operários (I) | J47: Total (GxHxI)
A48: - | B48: EFETIVO PESSOAL A SER MOBILIZADO | G48: 0.3 | H48: 104.3 | I48: 23 | J48: =TRUNC(G48*H48*I48,2) -> 719.67
A49: Sub Total de Mão de Obra (J) : | J49: =J48 -> 719.67
A50: Custo por Mobilização (K=F+J) : | J50: =J49+J46 -> 32047.05
H51: BDI | I51: =#REF! -> 0.206 | J51: =J50*I51 -> 6601.6923
A52: Preço por Mobilização (M=K+L) : | J52: =J51+J50 -> 38648.742
A53: Total Mobilização / Desmobilização (2xM) : | J53: =J52*2 -> 77297.485
A54: *Distância do canteiro a Goiânia, mínimo de 50 Km.

Sheet Curva ABC
A1: ="OBRA: "&UPPER(Resumo!$B$20) -> OBRA: PONTE RIO CRIXÁS MIRIM | C1: BONIFICAÇÃO E | F1: =Orçamento!G1 -> AGÊNCIA GOIANIA DE INFRAESTRUTURA E TRANSPORTES
A2: ="RODOVIA: "&UPPER(Resumo!$B$21) -> RODOVIA: GO-347 | C2: DESPESAS INDIRETAS | F2: =Orçamento!G2 -> QUADRO DE QUANTIDADES E CUSTOS
A3: ="TRECHO: "&UPPER(Resumo!$B$22) -> TRECHO: MOZARLÂNDIA – CRIXÁS | C3: BDI normal: | E3: =Orçamento!F3 -> 0.206 | F3: =Orçamento!G3 -> TABELA REFERÊNCIA: GOINFRA
A4: ="COORDENADAS: "&UPPER(Resumo!$B$23) -> COORDENADAS: -14º41'24,92'' / -50º11'05.14'' | C4: BDI Mat./Equip: | E4: =Orçamento!F4 -> 0.1185 | F4: =Orçamento!G4 -> DATA BASE: ABRIL / 2024 (SEM DESON) T-247
A5: CÓDIGO SICRO | B5: ITENS DE SERVIÇO | C5: ESPECIF | D5: DMT | E5: UNID | F5: QUANT. | G5: PREÇO UNIT COM BDI | H5: VALOR (R$) | I5: % | J5: % Acum.
A7: 45155 | B7: Aço CA50/60 aquisição, armação e colocação (incluso perdas) - Superestrutura | C7: =VLOOKUP(B7,Orçamento!$C$7:$I$119,2,0) -> 0 | E7: =VLOOKUP(B7,Orçamento!$C$7:$I$119,4,0) -> kg | F7: =SUMIFS(Orçamento!$G$7:$G$119,Orçamento!$C$7:$C$119,'Curva ABC'!B7) -> 54894 | G7: =VLOOKUP(B7,Orçamento!$C$7:$I$119,7,0) -> 14.13 | H7: =SUMIFS(Orçamento!$J$7:$J$119,Orçamento!$C$7:$C$119,B7) -> 775652.22 | I7: =H7/$H$55 -> 0.18876472 | J7: =I7 -> 0.18876472
A8: 45131 | B8: Concreto Fck=30MPa com aditivo (AC/BC) | C8: =VLOOKUP(B8,Orçamento!$C$7:$I$119,2,0) -> 0 | E8: =VLOOKUP(B8,Orçamento!$C$7:$I$119,4,0) -> m³ | F8: =SUMIFS(Orçamento!$G$7:$G$119,Orçamento!$C$7:$C$119,'Curva ABC'!B8) -> 439.18 | G8: =VLOOKUP(B8,Orçamento!$C$7:$I$119,7,0) -> 603.24 | H8: =SUMIFS(Orçamento!$J$7:$J$119,Orçamento!$C$7:$C$119,B8) -> 264930.91 | I8: =H8/$H$55 -> 0.064474268 | J8: =I8+J7 -> 0.25323899
A9: 42190 | B9: Administração local - Tipo F | C9: =VLOOKUP(B9,Orçamento!$C$7:$I$119,2,0) -> 0 | E9: =VLOOKUP(B9,Orçamento!$C$7:$I$119,4,0) -> unid | F9: =SUMIFS(Orçamento!$G$7:$G$119,Orçamento!$C$7:$C$119,'Curva ABC'!B9) -> 1 | G9: =VLOOKUP(B9,Orçamento!$C$7:$I$119,7,0) -> 216955.46 | H9: =SUMIFS(Orçamento!$J$7:$J$119,Orçamento!$C$7:$C$119,B9) -> 216955.46 | I9: =H9/$H$55 -> 0.052798839 | J9: =I9+J8 -> 0.30603783
A10: 45135 | B10: Escoramento para ponte | C10: =VLOOKUP(B10,Orçamento!$C$7:$I$119,2,0) -> 0 | E10: =VLOOKUP(B10,Orçamento!$C$7:$I$119,4,0) -> m³ | F10: =SUMIFS(Orçamento!$G$7:$G$119,Orçamento!$C$7:$C$119,'Curva ABC'!B10) -> 2683 | G10: =VLOOKUP(B10,Orçamento!$C$7:$I$119,7,0) -> 99.54 | H10: =SUMIFS(Orçamento!$J$7:$J$119,Orçamento!$C$7:$C$119,B10) -> 267065.82 | I10: =H10/$H$55 -> 0.064993825 | J10: =I10+J9 -> 0.37103165
A11: 45205 | B11: Transporte comercial de agregados - OAE | E11: =VLOOKUP(B11,Orçamento!$C$7:$I$119,4,0) -> tkm | F11: =SUMIFS(Orçamento!$G$7:$G$119,Orçamento!$C$7:$C$119,'Curva ABC'!B11) -> 248522.5 | G11: =VLOOKUP(B11,Orçamento!$C$7:$I$119,7,0) -> 0.91 | H11: =SUMIFS(Orçamento!$J$7:$J$119,Orçamento!$C$7:$C$119,B11) -> 226155.47 | I11: =H11/$H$55 -> 0.055037777 | J11: =I11+J10 -> 0.42606943
A12: 40019 | B12: Escav., carga e transporte de mat. 1ª categ. - c/escavadeira - (DT: 801 A 1.000m) | C12: =VLOOKUP(B12,Orçamento!$C$7:$I$119,2,0) -> 0 | E12: =VLOOKUP(B12,Orçamento!$C$7:$I$119,4,0) -> m³ | F12: =SUMIFS(Orçamento!$G$7:$G$119,Orçamento!$C$7:$C$119,'Curva ABC'!B12) -> 16156.32 | G12: =VLOOKUP(B12,Orçamento!$C$7:$I$119,7,0) -> 11.66 | H12: =SUMIFS(Orçamento!$J$7:$J$119,Orçamento!$C$7:$C$119,B12) -> 188382.69 | I12: =H12/$H$55 -> 0.045845296 | J12: =I12+J11 -> 0.47191473
A13: 40017 | B13: Escav., carga e transporte de mat. 1ª categ. - c/escavadeira - (DT: 401 A 600m) | C13: =VLOOKUP(B13,Orçamento!$C$7:$I$119,2,0) -> 0 | E13: =VLOOKUP(B13,Orçamento!$C$7:$I$119,4,0) -> m³ | F13: =SUMIFS(Orçamento!$G$7:$G$119,Orçamento!$C$7:$C$119,'Curva ABC'!B13) -> 18788.46 | G13: =VLOOKUP(B13,Orçamento!$C$7:$I$119,7,0) -> 9.81 | H13: =SUMIFS(Orçamento!$J$7:$J$119,Orçamento!$C$7:$C$119,B13) -> 184314.79 | I13: =H13/$H$55 -> 0.044855322 | J13: =I13+J12 -> 0.51677005
A14: 42290 | B14: Canteiro de Obra Tipo Faixa F | C14: =VLOOKUP(B14,Orçamento!$C$7:$I$119,2,0) -> 0 | E14: =VLOOKUP(B14,Orçamento!$C$7:$I$119,4,0) -> unid | F14: =SUMIFS(Orçamento!$G$7:$G$119,Orçamento!$C$7:$C$119,'Curva ABC'!B14) -> 1 | G14: =VLOOKUP(B14,Orçamento!$C$7:$I$119,7,0) -> 209498.08 | H14: =SUMIFS(Orçamento!$J$7:$J$119,Orçamento!$C$7:$C$119,B14) -> 209498.08 | I14: =H14/$H$55 -> 0.050983992 | J14: =I14+J13 -> 0.56775404
A15: 40100 | B15: Compactação a 95% do Proctor normal | C15: =VLOOKUP(B15,Orçamento!$C$7:$I$119,2,0) -> 0 | E15: =VLOOKUP(B15,Orçamento!$C$7:$I$119,4,0) -> m³ | F15: =SUMIFS(Orçamento!$G$7:$G$119,Orçamento!$C$7:$C$119,'Curva ABC'!B15) -> 35896 | G15: =VLOOKUP(B15,Orçamento!$C$7:$I$119,7,0) -> 5.11 | H15: =SUMIFS(Orçamento!$J$7:$J$119,Orçamento!$C$7:$C$119,B15) -> 183428.56 | I15: =H15/$H$55 -> 0.044639646 | J15: =I15+J14 -> 0.61239369
A16: 45035 | B16: Forma chapa compensada resinada 12mm (incluso desforma) | C16: =VLOOKUP(B16,Orçamento!$C$7:$I$119,2,0) -> 0 | E16: =VLOOKUP(B16,Orçamento!$C$7:$I$119,4,0) -> m² | F16: =SUMIFS(Orçamento!$G$7:$G$119,Orçamento!$C$7:$C$119,'Curva ABC'!B16) -> 1604.36 | G16: =VLOOKUP(B16,Orçamento!$C$7:$I$119,7,0) -> 92.71 | H16: =SUMIFS(Orçamento!$J$7:$J$119,Orçamento!$C$7:$C$119,B16) -> 148740.18 | I16: =H16/$H$55 -> 0.036197793 | J16: =I16+J15 -> 0.64859148
A17: 40020 | B17: Escav., carga e transporte de mat. 1ª categ. - c/escavadeira - (DT: 1001 A 1200m) | C17: =VLOOKUP(B17,Orçamento!$C$7:$I$119,2,0) -> 0 | E17: =VLOOKUP(B17,Orçamento!$C$7:$I$119,4,0) -> m³ | F17: =SUMIFS(Orçamento!$G$7:$G$119,Orçamento!$C$7:$C$119,'Curva ABC'!B17) -> 11577.8 | G17: =VLOOKUP(B17,Orçamento!$C$7:$I$119,7,0) -> 12.24 | H17: =SUMIFS(Orçamento!$J$7:$J$119,Orçamento!$C$7:$C$119,B17) -> 141712.27 | I17: =H17/$H$55 -> 0.034487463 | J17: =I17+J16 -> 0.68307894
A18: 42856 | B18: Enrocamento de pedra argamassada | C18: =VLOOKUP(B18,Orçamento!$C$7:$I$119,2,0) -> 0 | E18: =VLOOKUP(B18,Orçamento!$C$7:$I$119,4,0) -> m³ | F18: =SUMIFS(Orçamento!$G$7:$G$119,Orçamento!$C$7:$C$119,'Curva ABC'!B18) -> 382.39 | G18: =VLOOKUP(B18,Orçamento!$C$7:$I$119,7,0) -> 313.28 | H18: =SUMIFS(Orçamento!$J$7:$J$119,Orçamento!$C$7:$C$119,B18) -> 119795.13 | I18: =H18/$H$55 -> 0.029153651 | J18: =I18+J17 -> 0.71223259
A19: 0705271 | B19: Corpo de BDCC 2,00 x 2,00 m - moldado no local - altura do aterro 0,00 a 1,00 m | C19: =VLOOKUP(B19,Orçamento!$C$7:$I$119,2,0) -> 0 | E19: =VLOOKUP(B19,Orçamento!$C$7:$I$119,4,0) -> m | F19: =SUMIFS(Orçamento!$G$7:$G$119,Orçamento!$C$7:$C$119,'Curva ABC'!B19) -> 16.45 | G19: =VLOOKUP(B19,Orçamento!$C$7:$I$119,7,0) -> 6757.3 | H19: =SUMIFS(Orçamento!$J$7:$J$119,Orçamento!$C$7:$C$119,B19) -> 111157.58 | I19: =H19/$H$55 -> 0.027051595 | J19: =I19+J18 -> 0.73928419
A20: 40101 | B20: Compactação a 100% dp Proctor normal | C20: =VLOOKUP(B20,Orçamento!$C$7:$I$119,2,0) -> 0 | E20: =VLOOKUP(B20,Orçamento!$C$7:$I$119,4,0) -> m³ | F20: =SUMIFS(Orçamento!$G$7:$G$119,Orçamento!$C$7:$C$119,'Curva ABC'!B20) -> 18030 | G20: =VLOOKUP(B20,Orçamento!$C$7:$I$119,7,0) -> 5.72 | H20: =SUMIFS(Orçamento!$J$7:$J$119,Orçamento!$C$7:$C$119,B20) -> 103131.6 | I20: =H20/$H$55 -> 0.025098372 | J20: =I20+J19 -> 0.76438256
A21: 40021 | B21: Escav., carga e transporte de mat. 1ª categ. - c/escavadeira - (DT: 1201 A 1400m) | C21: =VLOOKUP(B21,Orçamento!$C$7:$I$119,2,0) -> 0 | E21: =VLOOKUP(B21,Orçamento!$C$7:$I$119,4,0) -> m³ | F21: =SUMIFS(Orçamento!$G$7:$G$119,Orçamento!$C$7:$C$119,'Curva ABC'!B21) -> 7655.37 | G21: =VLOOKUP(B21,Orçamento!$C$7:$I$119,7,0) -> 13.27 | H21: =SUMIFS(Orçamento!$J$7:$J$119,Orçamento!$C$7:$C$119,B21) -> 101586.75 | I21: =H21/$H$55 -> 0.024722413 | J21: =I21+J20 -> 0.78910497
A22: CP-02 | B22: Estaca de concreto armado pré-moldada 35 x 35 cm - sem emenda - confecção e cravação | C22: =VLOOKUP(B22,Orçamento!$C$7:$I$119,2,0) -> 0 | E22: =VLOOKUP(B22,Orçamento!$C$7:$I$119,4,0) -> m | F22: =SUMIFS(Orçamento!$G$7:$G$119,Orçamento!$C$7:$C$119,'Curva ABC'!B23) -> 1 | G22: =VLOOKUP(B22,Orçamento!$C$7:$I$119,7,0) -> 236.37 | H22: =SUMIFS(Orçamento!$J$7:$J$119,Orçamento!$C$7:$C$119,B22) -> 85093.2 | I22: =H22/$H$55 -> 0.0207085 | J22: =I22+J21 -> 0.80981347
A23: 42390 | B23: Mobilização / Desmobilização Tipo Faixa F | C23: =VLOOKUP(B23,Orçamento!$C$7:$I$119,2,0) -> 0 | E23: =VLOOKUP(B23,Orçamento!$C$7:$I$119,4,0) -> unid | F23: =SUMIFS(Orçamento!$G$7:$G$119,Orçamento!$C$7:$C$119,'Curva ABC'!B22) -> 360 | G23: =VLOOKUP(B23,Orçamento!$C$7:$I$119,7,0) -> 77297.485 | H23: =SUMIFS(Orçamento!$J$7:$J$119,Orçamento!$C$7:$C$119,B23) -> 77297.48 | I23: =H23/$H$55 -> 0.018811314 | J23: =I23+J22 -> 0.82862479
A24: 40451 | B24: Transporte comercial de material básico | C24: =VLOOKUP(B24,Orçamento!$C$7:$I$119,2,0) -> 0 | E24: =VLOOKUP(B24,Orçamento!$C$7:$I$119,4,0) -> tkm | F24: =SUMIFS(Orçamento!$G$7:$G$119,Orçamento!$C$7:$C$119,'Curva ABC'!B26) -> 120 | G24: =VLOOKUP(B24,Orçamento!$C$7:$I$119,7,0) -> 0.75 | H24: =SUMIFS(Orçamento!$J$7:$J$119,Orçamento!$C$7:$C$119,B24) -> 73825.83 | I24: =H24/$H$55 -> 0.017966444 | J24: =I24+J23 -> 0.84659123
A25: 45120 | B25: Aço CA50/60 aquisição, armação e colocação (incluso perdas) - Mesoestrutura | C25: =VLOOKUP(B25,Orçamento!$C$7:$I$119,2,0) -> 0 | E25: =VLOOKUP(B25,Orçamento!$C$7:$I$119,4,0) -> kg | F25: =SUMIFS(Orçamento!$G$7:$G$119,Orçamento!$C$7:$C$119,'Curva ABC'!B24) -> 98434.452 | G25: =VLOOKUP(B25,Orçamento!$C$7:$I$119,7,0) -> 14.13 | H25: =SUMIFS(Orçamento!$J$7:$J$119,Orçamento!$C$7:$C$119,B25) -> 61748.1 | I25: =H25/$H$55 -> 0.015027177 | J25: =I25+J24 -> 0.86161841
A26: 3713604 | B26: Defensa semimaleável simples - fornecimento e implantação | C26: =VLOOKUP(B26,Orçamento!$C$7:$I$119,2,0) -> 0 | E26: =VLOOKUP(B26,Orçamento!$C$7:$I$119,4,0) -> m | F26: =SUMIFS(Orçamento!$G$7:$G$119,Orçamento!$C$7:$C$119,'Curva ABC'!B25) -> 4370 | G26: =VLOOKUP(B26,Orçamento!$C$7:$I$119,7,0) -> 605.24 | H26: =SUMIFS(Orçamento!$J$7:$J$119,Orçamento!$C$7:$C$119,B26) -> 72628.8 | I26: =H26/$H$55 -> 0.017675132 | J26: =I26+J25 -> 0.87929354
A27: 45045 | B27: Aço CA50/60 aquisição, armação e colocação (incluso perdas) - Infraestrutura | C27: =VLOOKUP(B27,Orçamento!$C$7:$I$119,2,0) -> 0 | E27: =VLOOKUP(B27,Orçamento!$C$7:$I$119,4,0) -> kg | F27: =SUMIFS(Orçamento!$G$7:$G$119,Orçamento!$C$7:$C$119,'Curva ABC'!B27) -> 3595 | G27: =VLOOKUP(B27,Orçamento!$C$7:$I$119,7,0) -> 14.13 | H27: =SUMIFS(Orçamento!$J$7:$J$119,Orçamento!$C$7:$C$119,B27) -> 50797.35 | I27: =H27/$H$55 -> 0.012362174 | J27: =I27+J26 -> 0.89165571
A28: 0705322 | B28: Boca de BDCC 2,00 x 2,00 m - esconsidade 0° - areia e brita comerciais | C28: =VLOOKUP(B28,Orçamento!$C$7:$I$119,2,0) -> 0 | E28: =VLOOKUP(B28,Orçamento!$C$7:$I$119,4,0) -> un | F28: =SUMIFS(Orçamento!$G$7:$G$119,Orçamento!$C$7:$C$119,'Curva ABC'!B28) -> 2 | G28: =VLOOKUP(B28,Orçamento!$C$7:$I$119,7,0) -> 24261.1 | H28: =SUMIFS(Orçamento!$J$7:$J$119,Orçamento!$C$7:$C$119,B28) -> 48522.2 | I28: =H28/$H$55 -> 0.011808487 | J28: =I28+J27 -> 0.9034642
A29: 40800 | B29: Cerca de vedação de faixa de domínio em madeira | C29: =VLOOKUP(B29,Orçamento!$C$7:$I$119,2,0) -> 0 | E29: =VLOOKUP(B29,Orçamento!$C$7:$I$119,4,0) -> m | F29: =SUMIFS(Orçamento!$G$7:$G$119,Orçamento!$C$7:$C$119,'Curva ABC'!B29) -> 3306.12 | G29: =VLOOKUP(B29,Orçamento!$C$7:$I$119,7,0) -> 18.91 | H29: =SUMIFS(Orçamento!$J$7:$J$119,Orçamento!$C$7:$C$119,B29) -> 62518.72 | I29: =H29/$H$55 -> 0.015214717 | J29: =I29+J28 -> 0.91867892
A30: 40016 | B30: Escav., carga e transporte de mat. 1ª categ. - c/escavadeira - (DT: 201 A 400m) | C30: =VLOOKUP(B30,Orçamento!$C$7:$I$119,2,0) -> 0 | E30: =VLOOKUP(B30,Orçamento!$C$7:$I$119,4,0) -> m³ | F30: =SUMIFS(Orçamento!$G$7:$G$119,Orçamento!$C$7:$C$119,'Curva ABC'!B30) -> 5679.33 | G30: =VLOOKUP(B30,Orçamento!$C$7:$I$119,7,0) -> 9.26 | H30: =SUMIFS(Orçamento!$J$7:$J$119,Orçamento!$C$7:$C$119,B30) -> 52590.59 | I30: =H30/$H$55 -> 0.012798581 | J30: =I30+J29 -> 0.9314775
A31: 0804303 | B31: Corpo de BTTC D = 1,20 m CA2 - areia, brita e pedra de mão comerciais | C31: =VLOOKUP(B31,Orçamento!$C$7:$I$119,2,0) -> 0 | E31: =VLOOKUP(B31,Orçamento!$C$7:$I$119,4,0) -> m | F31: =SUMIFS(Orçamento!$G$7:$G$119,Orçamento!$C$7:$C$119,'Curva ABC'!B31) -> 14.04 | G31: =VLOOKUP(B31,Orçamento!$C$7:$I$119,7,0) -> 3709.57 | H31: =SUMIFS(Orçamento!$J$7:$J$119,Orçamento!$C$7:$C$119,B31) -> 52082.36 | I31: =H31/$H$55 -> 0.012674897 | J31: =I31+J30 -> 0.94415239
A32: 3713605 | B32: Ancoragem de defensa semimaleável simples - fornecimento e implantação | C32: =VLOOKUP(B32,Orçamento!$C$7:$I$119,2,0) -> 0 | E32: =VLOOKUP(B32,Orçamento!$C$7:$I$119,4,0) -> m | F32: =SUMIFS(Orçamento!$G$7:$G$119,Orçamento!$C$7:$C$119,'Curva ABC'!B32) -> 64 | G32: =VLOOKUP(B32,Orçamento!$C$7:$I$119,7,0) -> 670.07 | H32: =SUMIFS(Orçamento!$J$7:$J$119,Orçamento!$C$7:$C$119,B32) -> 42884.48 | I32: =H32/$H$55 -> 0.010436477 | J32: =I32+J31 -> 0.95458887
A33: 40015 | B33: Escav., carga e transporte de mat. 1ª categ. - c/escavadeira - (DT: 51 A 200m) | C33: =VLOOKUP(B33,Orçamento!$C$7:$I$119,2,0) -> 0 | E33: =VLOOKUP(B33,Orçamento!$C$7:$I$119,4,0) -> m³ | F33: =SUMIFS(Orçamento!$G$7:$G$119,Orçamento!$C$7:$C$119,'Curva ABC'!B33) -> 4591.42 | G33: =VLOOKUP(B33,Orçamento!$C$7:$I$119,7,0) -> 8 | H33: =SUMIFS(Orçamento!$J$7:$J$119,Orçamento!$C$7:$C$119,B33) -> 36731.36 | I33: =H33/$H$55 -> 0.0089390383 | J33: =I33+J32 -> 0.96352791
A34: 40001 | B34: Desmatamento, destocamento e limpeza - Árvores com diâmetros menores de 15cm | C34: =VLOOKUP(B34,Orçamento!$C$7:$I$119,2,0) -> 0 | E34: =VLOOKUP(B34,Orçamento!$C$7:$I$119,4,0) -> m² | F34: =SUMIFS(Orçamento!$G$7:$G$119,Orçamento!$C$7:$C$119,'Curva ABC'!B34) -> 55572 | G34: =VLOOKUP(B34,Orçamento!$C$7:$I$119,7,0) -> 0.6 | H34: =SUMIFS(Orçamento!$J$7:$J$119,Orçamento!$C$7:$C$119,B34) -> 33343.2 | I34: =H34/$H$55 -> 0.008114487 | J34: =I34+J33 -> 0.9716424
A35: 5213571 | B35: Fornecimento e implantação de placa em aço - película I + III | C35: =VLOOKUP(B35,Orçamento!$C$7:$I$119,2,0) -> 0 | E35: =VLOOKUP(B35,Orçamento!$C$7:$I$119,4,0) -> m² | F35: =SUMIFS(Orçamento!$G$7:$G$119,Orçamento!$C$7:$C$119,'Curva ABC'!B35) -> 26.32 | G35: =VLOOKUP(B35,Orçamento!$C$7:$I$119,7,0) -> 529.79 | H35: =SUMIFS(Orçamento!$J$7:$J$119,Orçamento!$C$7:$C$119,B35) -> 13944.07 | I35: =H35/$H$55 -> 0.0033934648 | J35: =I35+J34 -> 0.97503586
A36: 5213838 | B36: Cilindro canalizador de tráfego com base quadrada de 111 x 56 x 56 cm - utilização de 10 vezes | E36: =VLOOKUP(B36,Orçamento!$C$7:$I$119,4,0) -> unid | F36: =SUMIFS(Orçamento!$G$7:$G$119,Orçamento!$C$7:$C$119,'Curva ABC'!B36) -> 720 | G36: =VLOOKUP(B36,Orçamento!$C$7:$I$119,7,0) -> 5.39 | H36: =SUMIFS(Orçamento!$J$7:$J$119,Orçamento!$C$7:$C$119,B36) -> 3880.8 | I36: =H36/$H$55 -> 0.00094444148 | J36: =I36+J35 -> 0.9759803
A37: 40895 | B37: Semeadura natural | C37: =VLOOKUP(B37,Orçamento!$C$7:$I$119,2,0) -> 0 | E37: =VLOOKUP(B37,Orçamento!$C$7:$I$119,4,0) -> m² | F37: =SUMIFS(Orçamento!$G$7:$G$119,Orçamento!$C$7:$C$119,'Curva ABC'!B37) -> 14787 | G37: =VLOOKUP(B37,Orçamento!$C$7:$I$119,7,0) -> 2.3 | H37: =SUMIFS(Orçamento!$J$7:$J$119,Orçamento!$C$7:$C$119,B37) -> 34010.1 | I37: =H37/$H$55 -> 0.0082767855 | J37: =I37+J36 -> 0.98425709
A38: 40804 | B38: Remoção de cerca | C38: =VLOOKUP(B38,Orçamento!$C$7:$I$119,2,0) -> 0 | E38: =VLOOKUP(B38,Orçamento!$C$7:$I$119,4,0) -> m | F38: =SUMIFS(Orçamento!$G$7:$G$119,Orçamento!$C$7:$C$119,'Curva ABC'!B38) -> 1543.86 | G38: =VLOOKUP(B38,Orçamento!$C$7:$I$119,7,0) -> 5.84 | H38: =SUMIFS(Orçamento!$J$7:$J$119,Orçamento!$C$7:$C$119,B38) -> 9016.14 | I38: =H38/$H$55 -> 0.002194191 | J38: =I38+J37 -> 0.98645128
A39: 45235 | B39: Neoprene | C39: =VLOOKUP(B39,Orçamento!$C$7:$I$119,2,0) -> 0 | E39: =VLOOKUP(B39,Orçamento!$C$7:$I$119,4,0) -> Kg | F39: =SUMIFS(Orçamento!$G$7:$G$119,Orçamento!$C$7:$C$119,'Curva ABC'!B39) -> 168.96 | G39: =VLOOKUP(B39,Orçamento!$C$7:$I$119,7,0) -> 56.01 | H39: =SUMIFS(Orçamento!$J$7:$J$119,Orçamento!$C$7:$C$119,B39) -> 9463.44 | I39: =H39/$H$55 -> 0.0023030471 | J39: =I39+J38 -> 0.98875433
A40: 5213835 | B40: Cone plástico para canalização de trânsito - utilização de 5 vezes | E40: =VLOOKUP(B40,Orçamento!$C$7:$I$119,4,0) -> unid.dia | F40: =SUMIFS(Orçamento!$G$7:$G$119,Orçamento!$C$7:$C$119,'Curva ABC'!B40) -> 9000 | G40: =VLOOKUP(B40,Orçamento!$C$7:$I$119,7,0) -> 1 | H40: =SUMIFS(Orçamento!$J$7:$J$119,Orçamento!$C$7:$C$119,B40) -> 9000 | I40: =H40/$H$55 -> 0.0021902632 | J40: =I40+J39 -> 0.99094459
A41: 40090 | B41: Escav. E carga 1ª categ. - Sem transporte | C41: =VLOOKUP(B41,Orçamento!$C$7:$I$119,2,0) -> 0 | E41: =VLOOKUP(B41,Orçamento!$C$7:$I$119,4,0) -> m³ | F41: =SUMIFS(Orçamento!$G$7:$G$119,Orçamento!$C$7:$C$119,'Curva ABC'!B41) -> 3222.5 | G41: =VLOOKUP(B41,Orçamento!$C$7:$I$119,7,0) -> 2.19 | H41: =SUMIFS(Orçamento!$J$7:$J$119,Orçamento!$C$7:$C$119,B41) -> 7057.27 | I41: =H41/$H$55 -> 0.0017174754 | J41: =I41+J40 -> 0.99266207
A42: 5216111 | B42: Fornecimento e implantação de suporte e travessa para placa de sinalização em madeira de lei tratada 8x8 cm | E42: =VLOOKUP(B42,Orçamento!$C$7:$I$119,4,0) -> unid | F42: =SUMIFS(Orçamento!$G$7:$G$119,Orçamento!$C$7:$C$119,'Curva ABC'!B42) -> 45 | G42: =VLOOKUP(B42,Orçamento!$C$7:$I$119,7,0) -> 132.87 | H42: =SUMIFS(Orçamento!$J$7:$J$119,Orçamento!$C$7:$C$119,B42) -> 5979.15 | I42: =H42/$H$55 -> 0.0014551013 | J42: =I42+J41 -> 0.99411717
A43: 0804317 | B43: Boca BTTC D = 1,00 m - esconsidade 0° - areia e brita comerciais - alas retas | C43: =VLOOKUP(B43,Orçamento!$C$7:$I$119,2,0) -> 0 | E43: =VLOOKUP(B43,Orçamento!$C$7:$I$119,4,0) -> un | F43: =SUMIFS(Orçamento!$G$7:$G$119,Orçamento!$C$7:$C$119,'Curva ABC'!B43) -> 2 | G43: =VLOOKUP(B43,Orçamento!$C$7:$I$119,7,0) -> 2707.27 | H43: =SUMIFS(Orçamento!$J$7:$J$119,Orçamento!$C$7:$C$119,B43) -> 5414.54 | I43: =H43/$H$55 -> 0.0013176964 | J43: =I43+J42 -> 0.99543486
A44: 3713690 | B44: Terminal de ancoragem de defensa metálica em barreira New Jersey - fornecimento e implantação | C44: =VLOOKUP(B44,Orçamento!$C$7:$I$119,2,0) -> 0 | E44: =VLOOKUP(B44,Orçamento!$C$7:$I$119,4,0) -> un | F44: =SUMIFS(Orçamento!$G$7:$G$119,Orçamento!$C$7:$C$119,'Curva ABC'!B44) -> 4 | G44: =VLOOKUP(B44,Orçamento!$C$7:$I$119,7,0) -> 659.5 | H44: =SUMIFS(Orçamento!$J$7:$J$119,Orçamento!$C$7:$C$119,B44) -> 2638 | I44: =H44/$H$55 -> 0.00064199047 | J44: =I44+J43 -> 0.99607685
A45: 45050 | B45: Concreto Fck=15MPa (AC/BC) | C45: =VLOOKUP(B45,Orçamento!$C$7:$I$119,2,0) -> 0 | E45: =VLOOKUP(B45,Orçamento!$C$7:$I$119,4,0) -> m³ | F45: =SUMIFS(Orçamento!$G$7:$G$119,Orçamento!$C$7:$C$119,'Curva ABC'!B45) -> 3.89 | G45: =VLOOKUP(B45,Orçamento!$C$7:$I$119,7,0) -> 523.07 | H45: =SUMIFS(Orçamento!$J$7:$J$119,Orçamento!$C$7:$C$119,B45) -> 2034.74 | I45: =H45/$H$55 -> 0.00049517956 | J45: =I45+J44 -> 0.99657203
A46: 45020 | B46: Escavação Mecanizada | C46: =VLOOKUP(B46,Orçamento!$C$7:$I$119,2,0) -> 0 | E46: =VLOOKUP(B46,Orçamento!$C$7:$I$119,4,0) -> m³ | F46: =SUMIFS(Orçamento!$G$7:$G$119,Orçamento!$C$7:$C$119,'Curva ABC'!B46) -> 278.18 | G46: =VLOOKUP(B46,Orçamento!$C$7:$I$119,7,0) -> 8.23 | H46: =SUMIFS(Orçamento!$J$7:$J$119,Orçamento!$C$7:$C$119,B46) -> 2289.41 | I46: =H46/$H$55 -> 0.00055715671 | J46: =I46+J45 -> 0.99712919
A47: 40018 | B47: Escav., carga e transporte de mat. 1ª categ. - c/escavadeira - (DT: 601 A 800m) | C47: =VLOOKUP(B47,Orçamento!$C$7:$I$119,2,0) -> 0 | E47: =VLOOKUP(B47,Orçamento!$C$7:$I$119,4,0) -> m³ | F47: =SUMIFS(Orçamento!$G$7:$G$119,Orçamento!$C$7:$C$119,'Curva ABC'!B47) -> 204.95 | G47: =VLOOKUP(B47,Orçamento!$C$7:$I$119,7,0) -> 11.02 | H47: =SUMIFS(Orçamento!$J$7:$J$119,Orçamento!$C$7:$C$119,B47) -> 2258.54 | I47: =H47/$H$55 -> 0.00054964411 | J47: =I47+J46 -> 0.99767883
A48: 42440 | B48: Limpeza geral | C48: =VLOOKUP(B48,Orçamento!$C$7:$I$119,2,0) -> 0 | E48: =VLOOKUP(B48,Orçamento!$C$7:$I$119,4,0) -> m² | F48: =SUMIFS(Orçamento!$G$7:$G$119,Orçamento!$C$7:$C$119,'Curva ABC'!B48) -> 520 | G48: =VLOOKUP(B48,Orçamento!$C$7:$I$119,7,0) -> 7.92 | H48: =SUMIFS(Orçamento!$J$7:$J$119,Orçamento!$C$7:$C$119,B48) -> 4118.4 | I48: =H48/$H$55 -> 0.0010022644 | J48: =I48+J47 -> 0.9986811
A49: 2306248 | B49: Arrasamento de estacas de concreto com seção superior à 900 cm² | C49: =VLOOKUP(B49,Orçamento!$C$7:$I$119,2,0) -> 0 | E49: =VLOOKUP(B49,Orçamento!$C$7:$I$119,4,0) -> m³ | F49: =SUMIFS(Orçamento!$G$7:$G$119,Orçamento!$C$7:$C$119,'Curva ABC'!B49) -> 2.94 | G49: =VLOOKUP(B49,Orçamento!$C$7:$I$119,7,0) -> 619.58 | H49: =SUMIFS(Orçamento!$J$7:$J$119,Orçamento!$C$7:$C$119,B49) -> 1821.56 | I49: =H49/$H$55 -> 0.00044329953 | J49: =I49+J48 -> 0.9991244
A50: 2306017 | B50: Emenda de estacas por soldagem | C50: =VLOOKUP(B50,Orçamento!$C$7:$I$119,2,0) -> 0 | E50: =VLOOKUP(B50,Orçamento!$C$7:$I$119,4,0) -> m | F50: =SUMIFS(Orçamento!$G$7:$G$119,Orçamento!$C$7:$C$119,'Curva ABC'!B50) -> 33.6 | G50: =VLOOKUP(B50,Orçamento!$C$7:$I$119,7,0) -> 49.64 | H50: =SUMIFS(Orçamento!$J$7:$J$119,Orçamento!$C$7:$C$119,B50) -> 1667.9 | I50: =H50/$H$55 -> 0.00040590444 | J50: =I50+J49 -> 0.9995303
A51: 5213387 | B51: Barreira de sinalização tipo III de direcionamento ou bloqueio - utilização de 10 vezes | E51: =VLOOKUP(B51,Orçamento!$C$7:$I$119,4,0) -> unid | F51: =SUMIFS(Orçamento!$G$7:$G$119,Orçamento!$C$7:$C$119,'Curva ABC'!B51) -> 1 | G51: =VLOOKUP(B51,Orçamento!$C$7:$I$119,7,0) -> 921.28 | H51: =SUMIFS(Orçamento!$J$7:$J$119,Orçamento!$C$7:$C$119,B51) -> 921.28 | I51: =H51/$H$55 -> 0.00022420507 | J51: =I51+J50 -> 0.99975451
A52: 5213848 | B52: Dispositivo de canalização de trânsito com luz de advertência e bateria - utilização de 200 vezes | E52: =VLOOKUP(B52,Orçamento!$C$7:$I$119,4,0) -> unid | F52: =SUMIFS(Orçamento!$G$7:$G$119,Orçamento!$C$7:$C$119,'Curva ABC'!B52) -> 600 | G52: =VLOOKUP(B52,Orçamento!$C$7:$I$119,7,0) -> 1.3 | H52: =SUMIFS(Orçamento!$J$7:$J$119,Orçamento!$C$7:$C$119,B52) -> 780 | I52: =H52/$H$55 -> 0.00018982281 | J52: =I52+J51 -> 0.99994433
A53: 45230 | B53: Drenos 100mm | C53: =VLOOKUP(B53,Orçamento!$C$7:$I$119,2,0) -> 0 | E53: =VLOOKUP(B53,Orçamento!$C$7:$I$119,4,0) -> un | F53: =SUMIFS(Orçamento!$G$7:$G$119,Orçamento!$C$7:$C$119,'Curva ABC'!B53) -> 25 | G53: =VLOOKUP(B53,Orçamento!$C$7:$I$119,7,0) -> 9.15 | H53: =SUMIFS(Orçamento!$J$7:$J$119,Orçamento!$C$7:$C$119,B53) -> 228.75 | I53: =H53/$H$55 -> 5.5669189e-05 | J53: =I53+J52 -> 1
C55: Total Geral do Orçamento | H55: =SUM(H7:H53) -> 4109095.3

Sheet Composições
A2: SISTEMA DE CUSTOS REFERENCIAIS DE OBRAS - SICRO
A3: Custo Unitário de Referência | D3: JANIERO/2024 | G3: Produção da equipe | H3: 0.15457 | I3: m³
A4: 2306248 | B4: Arrasamento de estacas de concreto com seção superior à 900 cm² | C4: =I3 -> m³ | D4: =I29 -> 513.75 | I4: Valores em reais (R$)
D5: Utilização | F5: Custo Horário | I5: Custo
A6: A - EQUIPAMENTOS | C6: Quantidade | D6: Operativa | E6: Improdutiva | F6: Produtivo | G6: Improdutivo | I6: Horário Total
A7: E9640 | B7: Compressor de ar portátil de 33,51 l/s (71 PCM) - 14 Kw | C7: 1 | D7: 1 | E7: 0,00 | F7: =VLOOKUP(A7,Equipamento!$A$8:$E$81,4,0) -> 27.4864 | G7: =VLOOKUP(A7,Equipamento!$A$8:$E$81,5,0) -> 8.2027 | I7: =ROUND(C7*D7*F7+C7*E7*G7,4) -> 27.4864
A8: E9706 | B8: Martelete perfurador/rompedor a ar comprimido de 28 kg para concreto com capacidade de 1.230 gpm | C8: 1 | D8: 1 | E8: 0 | F8: =VLOOKUP(A8,Equipamento!$A$8:$E$81,4,0) -> 30.8758 | G8: =VLOOKUP(A8,Equipamento!$A$8:$E$81,5,0) -> 28.7659 | I8: =ROUND(C8*D8*F8+C8*E8*G8,4) -> 30.8758
A9: E9071 | B9: Transportador manual carrinho de mão com capacidade de 80 l | C9: 0.13665 | D9: 1 | E9: 0 | F9: =VLOOKUP(A9,Equipamento!$A$8:$E$81,4,0) -> 0.7092 | G9: =VLOOKUP(A9,Equipamento!$A$8:$E$81,5,0) -> 0.4821 | I9: =ROUND(C9*D9*F9+C9*E9*G9,4) -> 0.0969
H10: Custo horário total de equipamentos | I10: =SUM(I7:I9) -> 58.4591
A11: B - MÃO DE OBRA | C11: Quantidade | D11: Unidade | F11: Custo Hórario | I11: Custo Hórario Total
A12: P9824 | B12: Servente | C12: 0.2315 | D12: h | F12: =VLOOKUP(A12,'Mão de obra'!$A$3:$E$33,5,0) -> 20.3836 | I12: =ROUND(C12*F12,4) -> 4.7188
H13: Custo horário total de mão de obra | I13: =SUM(I12:I12) -> 4.7188
H14: Custo horário total de execução | I14: =I13+I10 -> 63.1779
H15: Custo unitário de execução | I15: =ROUND(I14/H3,4) -> 408.7333
H16: Custo do FIC | I16: 0
H17: Custo do FIT | I17: 0
A18: C - MATERIAL | C18: Quantidade | D18: Unidade | F18: Preço Unitário | I18: Custo Unitário
A19: M0601 | B19: Ponteiro para martelete - D = 32 mm e C = 1,00 m | C19: 0.178 | D19: un | F19: 590 | I19: =ROUND(C19*F19,4) -> 105.02
H20: Custo unitário total de material
A21: D - ATIVIDADES AUXILIARES | C21: Quantidade | D21: Unidade | F21: Custo Unitário | I21: Custo Unitário
H22: Custo total de atividades auxiliares
H23: Subtotal | I23: =I15+I16+I17+I19 -> 513.7533
A24: E - TEMPO FIXO | C24: Código | D24: Quantidade | E24: Unidade | F24: Custo Unitário | I24: Custo Unitário
H25: Custo unitário total de tempo fixo
A26: F - MOMENTO DE TRANSPORTE | C26: Quantidade | D26: Unidade | F26: DMT | I26: Custo Unitário
E27: LN | F27: RP | G27: P
H28: Custo unitário total de transporte
H29: Custo unitário direto total | I29: =ROUND(I28+I25+I23,2) -> 513.75
B30: Obs.
A32: SISTEMA DE CUSTOS REFERENCIAIS DE OBRAS - SICRO
A33: Custo Unitário de Referência | D33: =$D$3 -> JANIERO/2024 | G33: Produção da equipe | H33: 5.81 | I33: m
A34: CP-02 | B34: Estaca de concreto armado pré-moldada 35 x 35 cm - sem emenda - confecção e cravação | C34: =I33 -> m | D34: =I59 -> 196 | I34: Valores em reais (R$)
D35: Utilização | F35: Custo Horário | I35: Custo
A36: A - EQUIPAMENTOS | C36: Quantidade | D36: Operativa | E36: Improdutiva | F36: Produtivo | G36: Improdutivo | I36: Horário Total
A37: E9502 | B37: Bate-estaca de gravidade para 3,5 a 4,0 t - 119 kW | C37: 1 | D37: 1 | E37: 0,00 | F37: =VLOOKUP(A37,Equipamento!$A$8:$E$81,4,0) -> 232.853 | G37: =VLOOKUP(A37,Equipamento!$A$8:$E$81,5,0) -> 109.2917 | I37: =ROUND(C37*D37*F37+C37*E37*G37,4) -> 232.853
H38: Custo horário total de equipamentos | I38: =SUM(I37:I37) -> 232.853
A39: B - MÃO DE OBRA | C39: Quantidade | D39: Unidade | F39: Custo Hórario | I39: Custo Hórario Total
A40: P9801 | B40: Ajudante | C40: 2 | D40: h | F40: =VLOOKUP(A40,'Mão de obra'!$A$3:$E$33,5,0) -> 21.4259 | I40: =ROUND(C40*F40,4) -> 42.8518
H41: Custo horário total de mão de obra | I41: =SUM(I40:I40) -> 42.8518
H42: Custo horário total de execução | I42: =I41+I38 -> 275.7048
H43: Custo unitário de execução | I43: =ROUND(I42/H33,4) -> 47.4535
H44: Custo do FIC | I44: 0
H45: Custo do FIT | I45: 0
A46: C - MATERIAL | C46: Quantidade | D46: Unidade | F46: Preço Unitário | I46: Custo Unitário
H47: Custo unitário total de material
A48: D - ATIVIDADES AUXILIARES | C48: Quantidade | D48: Unidade | F48: Custo Unitário | I48: Custo Unitário
A49: CP-01 | B49: Fabricação de estaca pré-moldada de concreto armado seção 35 x 35 cm | C49: 1.1 | D49: m | F49: =I370 -> 129.08088 | I49: =F49*C49 -> 141.98897
H50: Custo total de atividades auxiliares | I50: =I49 -> 141.98897
H51: Subtotal | I51: =I50+I47+I43+I44+I45 -> 189.44247
A52: E - TEMPO FIXO | C52: Código | D52: Quantidade | E52: Unidade | F52: Custo Unitário | I52: Custo Unitário
A53: CP-01 | B53: Fabricação de estaca pré-moldada de concreto armado seção 35 x 35 cm | C53: 591505 | D53: 0.33688 | E53: t | F53: 19.46 | I53: =ROUND(F53*D53,4) -> 6.5557
H54: Custo unitário total de tempo fixo | I54: =SUM(I53:I53) -> 6.5557
A55: F - MOMENTO DE TRANSPORTE | C55: Quantidade | D55: Unidade | F55: DMT | I55: Custo Unitário
E56: LN | F56: RP | G56: P
A57: CP-01 | B57: Fabricação de estaca pré-moldada de concreto armado seção 35 x 35 cm | C57: =D53 -> 0.33688 | D57: tkm | I57: =G57*C57*215+F57*C57*40 -> 0
H58: Custo unitário total de transporte | I58: =SUM(I57:I57) -> 0
H59: Custo unitário direto total | I59: =ROUND(I58+I54+I51,2) -> 196
B60: Obs.
A62: SISTEMA DE CUSTOS REFERENCIAIS DE OBRAS - SICRO
A63: Custo Unitário de Referência | D63: =$D$3 -> JANIERO/2024 | G63: Produção da equipe | H63: 4,00000 | I63: m²
A64: 5213417 | B64: Confecção de placa em aço nº 16 galvanizado, com película retrorrefletiva tipo I + III | C64: =I63 -> m² | D64: =I103 -> 439.3 | I64: Valores em reais (R$)
D65: Utilização | F65: Custo Horário | I65: Custo
A66: A - EQUIPAMENTOS | C66: Quantidade | D66: Operativa | E66: Improdutiva | F66: Produtivo | G66: Improdutivo | I66: Horário Total
A67: E9507 | B67: Computador, plotter de recorte e software | C67: 0,48193 | D67: 1,00 | E67: 0,00 | F67: =VLOOKUP(A67,Equipamento!$A$8:$E$81,4,0) -> 24.1401 | G67: =VLOOKUP(A67,Equipamento!$A$8:$E$81,5,0) -> 15.2181 | I67: =ROUND(C67*D67*F67+C67*E67*G67,4) -> 11.6338
A68: E9568 | B68: Furadeira de impacto de 12,5 mm - 0,8 kW | C68: 0,15060 | D68: 1,00 | E68: 0,00 | F68: =VLOOKUP(A68,Equipamento!$A$8:$E$81,4,0) -> 0.2052 | G68: =VLOOKUP(A68,Equipamento!$A$8:$E$81,5,0) -> 0.1361 | I68: =ROUND(C68*D68*F68+C68*E68*G68,4) -> 0.0309
A69: E9066 | B69: Grupo gerador - 13 / 14 kVA | C69: 0,48193 | D69: 1,00 | E69: 0,00 | F69: =VLOOKUP(A69,Equipamento!$A$8:$E$81,4,0) -> 19.0354 | G69: =VLOOKUP(A69,Equipamento!$A$8:$E$81,5,0) -> 5.087 | I69: =ROUND(C69*D69*F69+C69*E69*G69,4) -> 9.1737
A70: E9623 | B70: Máquina de bancada guilhotina - 4 kW | C70: 0,20080 | D70: 1,00 | E70: 0,00 | F70: =VLOOKUP(A70,Equipamento!$A$8:$E$81,4,0) -> 14.7687 | G70: =VLOOKUP(A70,Equipamento!$A$8:$E$81,5,0) -> 9.3878 | I70: =ROUND(C70*D70*F70+C70*E70*G70,4) -> 2.9656
A71: E9622 | B71: Máquina de bancada universal para corte de chapa - 1,5 kW | C71: 0,48193 | D71: 1,00 | E71: 0,00 | F71: =VLOOKUP(A71,Equipamento!$A$8:$E$81,4,0) -> 13.5997 | G71: =VLOOKUP(A71,Equipamento!$A$8:$E$81,5,0) -> 8.6447 | I71: =ROUND(C71*D71*F71+C71*E71*G71,4) -> 6.5541
H72: Custo horário total de equipamentos | I72: =SUM(I67:I71) -> 30.3581
A73: B - MÃO DE OBRA | C73: Quantidade | D73: Unidade | F73: Custo Hórario | I73: Custo Hórario Total
A74: P9801 | B74: Ajudante | C74: 2,00000 | D74: h | F74: =VLOOKUP(A74,'Mão de obra'!$A$3:$E$33,5,0) -> 21.4259 | I74: =ROUND(C74*F74,4) -> 42.8518
A75: P9830 | B75: Montador | C75: 1,00000 | D75: h | F75: =VLOOKUP(A75,'Mão de obra'!$A$3:$E$33,5,0) -> 28.9266 | I75: =ROUND(C75*F75,4) -> 28.9266
A76: P9823 | B76: Serralheiro | C76: 1,00000 | D76: h | F76: =VLOOKUP(A76,'Mão de obra'!$A$3:$E$33,5,0) -> 30.9817 | I76: =ROUND(C76*F76,4) -> 30.9817
A77: P9824 | B77: Servente | C77: 2,00000 | D77: h | F77: =VLOOKUP(A77,'Mão de obra'!$A$3:$E$33,5,0) -> 20.3836 | I77: =ROUND(C77*F77,4) -> 40.7672
H78: Custo horário total de mão de obra | I78: =SUM(I74:I77) -> 143.5273
H79: Custo horário total de execução | I79: =I78+I72 -> 173.8854
H80: Custo unitário de execução | I80: =ROUND(I79/H63,4) -> 43.4714
H81: Custo do FIC | I81: 0
H82: Custo do FIT | I82: 0
A83: C - MATERIAL | C83: Quantidade | D83: Unidade | F83: Preço Unitário | I83: Custo Unitário
A84: M1367 | B84: Chapa de aço galvanizado | C84: 11,77500 | D84: kg | F84: =VLOOKUP(A84,Material!$A$8:$D$91,4,0) -> 10.9045 | I84: =ROUND(C84*F84,4) -> 128.4005
A85: M3235 | B85: Película retrorrefletiva tipo I | C85: 1,00000 | D85: m² | F85: =VLOOKUP(A85,Material!$A$8:$D$91,4,0) -> 149.213 | I85: =ROUND(C85*F85,4) -> 149.213
A86: M3237 | B86: Película retrorrefletiva Tipo III | C86: 0,40000 | D86: m² | F86: =VLOOKUP(A86,Material!$A$8:$D$91,4,0) -> 262.2476 | I86: =ROUND(C86*F86,4) -> 104.899
H87: Custo unitário total de material | I87: =SUM(I84:I86) -> 382.5125
A88: D - ATIVIDADES AUXILIARES | C88: Quantidade | D88: Unidade | F88: Custo Unitário | I88: Custo Unitário
A89: A5212552 | B89: Pintura eletrostática a pó com tinta poliester em chapa de aço | C89: 1,00000 | D89: m² | F89: 12.95 | I89: =ROUND(F89*C89,4) -> 12.95
H90: Custo total de atividades auxiliares | I90: =I89 -> 12.95
H91: Subtotal | I91: =I90+I87+SUM(I80:I82) -> 438.9339
A92: E - TEMPO FIXO | C92: Código | D92: Quantidade | E92: Unidade | F92: Custo Unitário | I92: Custo Unitário
A93: M1367 | B93: Chapa de aço galvanizado - Caminhão carroceria 15 t | C93: 5914333 | D93: 0,01178 | E93: t | F93: 29.86 | I93: =ROUND(D93*F93,4) -> 0.3518
A94: M3235 | B94: Película retrorrefletiva tipo I - Caminhão carroceria 5 t | C94: 5915474 | D94: 0.00044 | E94: t | F94: 29.45 | I94: =ROUND(D94*F94,4) -> 0.013
A95: M3237 | B95: Película retrorrefletiva Tipo III - Caminhão carroceria 5 t | C95: 5915474 | D95: 0.00019 | E95: t | F95: 29.45 | I95: =ROUND(D95*F95,4) -> 0.0056
H96: Custo unitário total de tempo fixo | I96: =SUM(I93:I95) -> 0.3704
A97: F - MOMENTO DE TRANSPORTE | C97: Quantidade | D97: Unidade | F97: DMT | I97: Custo Unitário
E98: LN | F98: RP | G98: P
A99: M1367 | B99: Chapa de aço galvanizado - Caminhão carroceria 15 t | C99: 0,01178 | D99: tkm | I99: =ROUND(C99*((VLOOKUP(A99,Material!$A$8:$H$91,6,0)*Composições!E99)+(VLOOKUP(A99,Material!$A$8:$H$91,7,0)*Composições!F99)+(VLOOKUP(A99,Material!$A$8:$H$91,8,0)*Composições!G99)),4) -> 0
A100: M3235 | B100: Película retrorrefletiva tipo I - Caminhão carroceria 5 t | C100: 0,00054 | D100: tkm | I100: =ROUND(C100*((VLOOKUP(A100,Material!$A$8:$H$91,6,0)*Composições!E100)+(VLOOKUP(A100,Material!$A$8:$H$91,7,0)*Composições!F100)+(VLOOKUP(A100,Material!$A$8:$H$91,8,0)*Composições!G100)),4) -> 0
A101: M3237 | B101: Película retrorrefletiva Tipo III - Caminhão carroceria 5 t | C101: 0,00016 | D101: tkm | I101: =ROUND(C101*((VLOOKUP(A101,Material!$A$8:$H$91,6,0)*Composições!E101)+(VLOOKUP(A101,Material!$A$8:$H$91,7,0)*Composições!F101)+(VLOOKUP(A101,Material!$A$8:$H$91,8,0)*Composições!G101)),4) -> 0
H102: Custo unitário total de transporte | I102: =SUM(I99:I101) -> 0
H103: Custo unitário direto total | I103: =ROUND(I102+I96+I91,2) -> 439.3
...

Sheet Equipamento
A1: =Cronograma!A4 -> Obra: Ponte Rio Crixás Mirim
A2: =Cronograma!A5 -> Rodovia: GO-347
A3: =Cronograma!A6 -> Trecho: Mozarlândia – Crixás
A4: =Cronograma!A7 -> Coordenadas: -14º41'24,92'' / -50º11'05.14''
A5: PREÇO UNITÁRIO DE CUSTO HORÁRIO DE EQUIPAMENTOS - JANEIRO/2024 (SEM DESON)
A6: CÓD. | B6: EQUIPAMENTO | C6: UNID. | D6: C. HOR. OPERAT. | E6: C. HOR. IMPROD.
A8: E9010 | B8: Balança plataforma digital com mesa de 75 x 75 cm com capacidade de 500 kg | C8: hora | G8: x
A9: E9702 | B9: Bomba de injeção de argamassa com capacidade de 340l/min | C9: hora | G9: x
A10: E9649 | B10: Compressor de ar portátil de 197 PCM - 55 kW | C10: hora | D10: 56.3673 | E10: 13.0856 | G10: x
A11: E9779 | B11: Grupo gerador - 100/110 kVA | C11: hora | D11: 104.66 | E11: 8.191 | G11: x
A12: E9694 | B12: Misturador de argamassa de alta turbulência com capacidade de 220 l | C12: hora | D12: 30.8976 | E12: 28.9328 | G12: x
A13: E9642 | B13: Perfuratriz hidráulica sobre esteiras para estaca raiz - 56 kW | C13: hora | D13: 291.5505 | E13: 163.4776 | G13: x
A14: E9652 | B14: Compressor de ar portátil de 1.146 PCM - 369 Kw | C14: hora | G14: x
A15: E9722 | B15: Conjunto bomba e macaco hidráulico para protensão com capacidade de 2.000 kN | C15: hora | G15: x
A16: E9723 | B16: Conjunto bomba e macaco hidráulico para protensão com capacidade de 2.500 kN | C16: hora
A17: E9724 | B17: Conjunto bomba e macaco hidráulico para protensão com capacidade de 4.000 kN | C17: hora
A18: E9026 | B18: Bomba para injeção de nata de cimento - 2,2 Kw | C18: hora | G18: x
A19: E9024 | B19: Misturador de nata cimento - 1,5 Kw | C19: hora | G19: x
A20: E9041 | B20: Caminhão carroceria com guindauto com capacidade de 45 t.m - 188 kW | C20: hora
A21: E9050 | B21: Guindaste sobre rodas com capacidade de 370 kNm - 75 kW | C21: hora
A22: E9064 | B22: Transportador manual gerica com capacidade de 180 l | C22: hora
A23: E9066 | B23: Grupo gerador - 13 / 14 kVA | C23: hora | D23: 19.0354 | E23: 5.087
A24: E9071 | B24: Transportador manual carrinho de mão com capacidade de 80 l | C24: hora | D24: 0.7092 | E24: 0.4821
A25: E9076 | B25: Equipamento de pintura com cabine de 7,00 kW e estufa de 80.000 kCal para pintura eletrostática | C25: hora | D25: 45.3655 | E25: 39.5367
A26: E9078 | B26: Treliça lançadeira com capacidade de carga de 120 a 150 t e vão máximo de 45 m - 110 kW | C26: hora
A27: E9093 | B27: Veículo leve - 53 kW (sem motorista) | C27: hora
A28: E9094 | B28: Guindaste móvel sobre pneus com 6 eixos com capacidade de 10.500 kNm - 450 kW | C28: hora
A29: E9125 | B29: Van furgão - 93 kW | C29: hora
A30: E9502 | B30: Bate-estaca de gravidade para 3,5 a 4,0 t - 119 kW | C30: hora | D30: 232.853 | E30: 109.2917
A31: E9507 | B31: Computador, plotter de recorte e software | C31: hora | D31: 24.1401 | E31: 15.2181
A32: E9511 | B32: Carregadeira de pneus com capacidade de 3,4 m³ - 195 kW | C32: hora
A33: E9512 | B33: Veículo leve - 53 kW | C33: hora
A34: E9515 | B34: Escavadeira hidráulica sobre esteira com caçamba com capacidade de 1,56 m³ - 118 kW | C34: hora
A35: E9763 | B35: Grupo gerador - 36/40 kVA | C35: hora | D35: 43.6863 | E35: 7.1489
A36: E9070 | B36: Ponte rolante com capacidade de 5 t e vão de até 15 m - 10 kW | C36: hora | D36: 50.9076 | E36: 43.362
A37: E9518 | B37: Grade de 24 discos rebocável de 24" | C37: hora
A38: E9519 | B38: Betoneira com motor a gasolina com capacidade de 600 l - 10 kW | C38: hora
A39: E9521 | B39: Grupo gerador - 2,5/3 kVA | C39: hora
A40: E9524 | B40: Motoniveladora - 93 kW | C40: hora
A41: E9535 | B41: Serra circular com bancada - D = 30 cm - 4 kW | C41: hora
A42: E9541 | B42: Trator de esteiras com Lâmina - 259 kW | C42: hora
A43: E9547 | B43: Máquina para solda elétrica - 9,2 kW | C43: hora | D43: 0.2274 | E43: 0.1255
A44: E9565 | B44: Trator de esteiras com escarificador - 259 kW | C44: hora
A45: E9568 | B45: Furadeira de impacto de 12,5 mm - 0,8 kW | C45: hora | D45: 0.2052 | E45: 0.1361
A46: E9571 | B46: Caminhão tanque com capacidade de 10.000 l - 188 kW | C46: hora
A47: E9577 | B47: Trator agrícola - 77 kW | C47: hora
A48: E9579 | B48: Caminhão basculante com capacidade de 10 m³ - 188 kW | C48: hora
A49: E9592 | B49: Caminhão carroceria com capacidade de 15 t - 188 kW | C49: hora
A50: E9605 | B50: Caminhão tanque com capacidade de 6.000 l - 136 kW | C50: hora | D50: 251.0575 | E50: 71.0585
A51: E9622 | B51: Máquina de bancada universal para corte de chapa - 1,5 kW | C51: hora | D51: 13.5997 | E51: 8.6447
A52: E9623 | B52: Máquina de bancada guilhotina - 4 kW | C52: hora | D52: 14.7687 | E52: 9.3878
A53: E9630 | B53: Bomba submersível com capacidade de 75 m³/h - 3,6 kW | C53: hora
A54: E9644 | B54: Caminhão demarcador de faixas com sistema de pintura a frio - 28 kW/ 115 kW | C54: hora
A55: E9662 | B55: Equipamento para solda/corte com oxiacetileno | C55: hora
A56: E9665 | B56: Cavalo mecânico com semi-reboque com capacidade de 22 t - 240 Kw | C56: hora
A57: E9666 | B57: Cavalo mecânico com semi-reboque com capacidade de 30 t - 265 kW | C57: hora
A58: E9667 | B58: Caminhão basculante com capacidade de 14 m³ - 188 kW | C58: hora
A59: E9669 | B59: Caminhão tanque com capacidade de 8.000 l - 136 kW | C59: hora
A60: E9685 | B60: Rolo compactador pé de carneiro vibratório autopropelido de 11,6 t - 82 kW | C60: hora
A61: E9686 | B61: Caminhão carroceria com guindauto com capacidade de 20 t.m - 136 kW | C61: hora | D61: 311.0955 | E61: 117.8566
A62: E9687 | B62: Caminhão carroceria com capacidade de 5 t - 115 kW | C62: hora | D62: 149.2406 | E62: 58.0217
A63: E9717 | B63: Máquina policorte - 2,2 kW | C63: hora
A64: E9719 | B64: Talha manual com capacidade de 3 t | C64: hora
A65: E9721 | B65: Conjunto bomba e macaco hidráulico para protensão com capacidade de 1.150 kN | C65: hora
A66: E9761 | B66: Guincho de coluna com capacidade de 200 kg - 920 W | C66: hora
A67: E9776 | B67: Grupo gerador - 145/160 kVA | C67: hora
A68: E9612 | B68: Plataforma flutuante montada na obra de 12 x 24 x 1,8 m com capacidade de 150 t | C68: hora
A69: E9009 | B69: Rebocador - 360 HP | C69: hora
A70: E9043 | B70: Barco de alumínio com comprimento de 6 m e motor de popa - 30 HP | C70: hora
A71: E9650 | B71: Guindaste sobre esteiras com martelo hidráulico de 2.600 kg - 220 Kw | C71: hora
A72: E9095 | B72: Guindaste móvel sobre pneus com 8 eixos com capacidade de 15.000 kN.m - 500 Kw | C72: hora
A73: E9530 | B73: Rolo compactador liso autopropelido vibratório de 11 t - 97 Kw | C73: hora
A74: E9647 | B74: Compactador manual com soquete vibratório - 4,1 kW | C74: hora
A75: E9082 | B75: Bate-estaca hidráulico para defensas montado em caminhão guindauto com capacidade de 20 t.m e carroceria de 4 t - 136 kW | C75: hora | D75: 353.2098 | E75: 152.2778
A76: E9640 | B76: Compressor de ar portátil de 33,51 l/s (71 PCM) - 14 kW | C76: hora | D76: 27.4864 | E76: 8.2027
A77: E9706 | B77: Martelete perfurador/rompedor a ar comprimido de 28 kg para concreto com capacidade de 1.230 gpm | C77: hora | D77: 30.8758 | E77: 28.7659
A78: S-93287 | B78: Guindaste hidraulico autopropelido, com lança telescópica 40m, capacidade 60 ton, 260 Kw | C78: hora
A79: S/C | B79: Van passageiro - 93 kW | C79: hora
A80: S/C | B80: Treliça lançadeira com capacidade de carga de 30 t e vão máximo de 25 m | C80: hora
A81: S/C | B81: Talha manual 10 ton com 5 metros de corrente | C81: hora

Sheet Material
A1: =Cronograma!A4 -> Obra: Ponte Rio Crixás Mirim
A2: =Cronograma!A5 -> Rodovia: GO-347
A3: =Cronograma!A6 -> Trecho: Mozarlândia – Crixás
A4: =Cronograma!A7 -> Coordenadas: -14º41'24,92'' / -50º11'05.14''
A5: PREÇO UNITÁRIO DE MATERIAL - DATA BASE: JANEIRO/2024 (SEM DESONER)
A6: COD. | B6: MATERIAL | C6: UNID. | D6: PREÇO UNITÁRIO | F6: DISTÂNCIAS DE TRANSPORTE
F7: LN | G7: RP | H7: PV
A8: M0004 | B8: Aço CA 50 | C8: kg | F8: 0 | G8: 14 | H8: 235
A9: M0014 | B9: Aço CA 60 | C9: kg | F9: 0 | G9: 14 | H9: 235
A10: M0003 | B10: Aço CA 25 | C10: kg | F10: 0 | G10: 14 | H10: 235
A11: M2321 | B11: Revestimento para estaca raiz SCH 80 - D Externo = 323,8 mm - 132,04 kg/m | C11: m | D11: 2235.8126
A12: M1644 | B12: Bit de botão esférico - D = 9 7/8" | C12: un | D12: 8371.484
A13: M0669 | B13: Martelo de fundo DTH - D = 8" | C13: un | D13: 30879.771
A14: M0798 | B14: Apoio de neoprene fretado | C14: dm³
A15: M0088 | B15: Ancoragem ativa em ferro fundido nodular para 8 cordoalhas - D = 12,7mm | C15: un
A16: M0091 | B16: Ancoragem ativa em ferro fundido nodular para 10 cordoalhas - D = 12,7mm | C16: un
A17: M0113 | B17: Ancoragem ativa em ferro fundido nodular para 12 cordoalhas - D = 12,7mm | C17: un
A18: M0093 | B18: Ancoragem ativa em ferro fundido nodular para 15 cordoalhas - D = 12,7mm | C18: un
A19: M2468 | B19: Bainha metálica - D = 55 mm | C19: m
A20: M2470 | B20: Bainha metálica - D = 65 mm | C20: m
A21: M2471 | B21: Bainha metálica - D = 70 mm | C21: m
A22: M0052 | B22: Fita de PVC de 50 mm x 50m | C22: m
A23: M2422 | B23: Mangueira cristal trançado ar/água com capacidade de 250 lb - D = 1/2" | C23: m
A24: M3353 | B24: Purgador plástico | C24: un
A25: M1673 | B25: Tubo de PVC roscável de 4" | C25: m
A26: M1097 | B26: Pedra de Mão | C26: m³ | F26: 0 | G26: 14 | H26: 8
A27: M0686 | B27: Estaca pré-moldada de concreto centrifugado - D = 38 cm | C27: m
A28: M0018 | B28: Grampo pesado para cabo de aço - D = 13 mm | C28: un
A29: M0019 | B29: Esticador para cabo de aço - D = 13 mm | C29: un
A30: M0030 | B30: Aditivo plastificante e retardador tipo Plastiment ou similar | C30: kg
A31: M0075 | B31: Arame recozido 18 BWG | C31: kg
A32: M0076 | B32: Disco de corte para policorte - D = 30 cm | C32: un
A33: M0082 | B33: Areia média lavada | C33: m³ | D33: 174.112 | F33: 0 | G33: 14 | H33: 8
A34: M0085 | B34: Ancoragem ativa em ferro fundido nodular para 4 cordoalhas - D = 12,7 mm | C34: un
A35: M0191 | B35: Brita 1 | C35: m³ | F35: 0 | G35: 14 | H35: 8
A36: M0192 | B36: Brita 2 | C36: m³ | F36: 0 | G36: 14 | H36: 8
A37: M0284 | B37: Caibro de pinho de 7,5 x 7,5 cm | C37: m
A38: M0285 | B38: Pontalete para escoramento - D = 15 cm | C38: m
A39: M0286 | B39: Tábua de 2,5 x 30 cm | C39: m
A40: M0289 | B40: Tábua de 2,5 x 15 cm | C40: m
A41: M0290 | B41: Tábua de 2,5 x 10 cm | C41: m
A42: M0310 | B42: Peça de madeira de 2,5 x 7,5 cm | C42: m
A43: M0365 | B43: Cantoneira de ferro de 1" x 1" x 3/16" | C43: kg
A44: M0424 | B44: Cimento Portland CP II - 32 | C44: kg | D44: 0.5966 | F44: 0 | G44: 14 | H44: 8
A45: M0427 | B45: Cordoalha CP 190 RB - D = 12,7 mm | C45: kg
A46: M0446 | B46: Compensado resinado de 10 mm | C46: m² | D46: 27.617
A47: M0447 | B47: Compensado resinado de 12 mm | C47: m²
A48: M0450 | B48: Compensado de virola de 6 mm | C48: m²
A49: M0536 | B49: Quadro tubular contraventado com acessórios de 1,0 x 1,0 x 1,2 m³ e capacidade de 6 t por poste | C49: un
A50: M0560 | B50: Desmoldante para formas | C50: l
A51: M0804 | B51: Cabo de aço - D = 13 mm | C51: m
A52: M0879 | B52: Lixa para ferro | C52: un
A53: M0999 | B53: Tela de aço eletrosoldada | C53: kg
A54: M1103 | B54: Pedrisco | C54: m³
A55: M1205 | B55: Prego de ferro | C55: kg
A56: M1367 | B56: Chapa de aço galvanizado | C56: kg | D56: 10.9045
A57: M1378 | B57: Chapa de aço ASTM A36 | C57: kg
A58: M1387 | B58: Adesivo estrutural à base de resina epóxi | C58: kg
A59: M1606 | B59: Trilho TR 68 usado | C59: kg
A60: M1638 | B60: Mourão de madeira - H = 2,10 m e D = 10 cm | C60: un
A61: M1811 | B61: Longarina de madeira de primeira de 6 x 16 cm | C61: m
A62: M1850 | B62: Pranchão de 7,5 x 30 cm | C62: m
A63: M2036 | B63: Tinta à base de resina acrílica emulsão em água | C63: l
A64: M2037 | B64: Microesferas de vidro refletiva tipo I-B | C64: kg
A65: M2038 | B65: Microesferas de vidro refletiva tipo II-A | C65: kg
A66: M2044 | B66: Tinta para pré-marcação | C66: l
A67: M2130 | B67: Eletrodo E70 xx | C67: kg | D67: 35.8703
A68: M2419 | B68: Parafuso cabeça abaulada M6 com porca e arruela | C68: un
A69: M2420 | B69: Parafuso cabeça abaulada M8 com porca e arruela | C69: un
A70: M2462 | B70: Mangueira cristal trançado ar/água com capacidade de 250 lb - D = 20 mm | C70: m
A71: M1378 | B71: Chapa grossa em aço ASTM A36 | C71: kg | D71: 9.6483
A72: M0786 | B72: Placa de poliestireno expandido (EPS) | C72: m³ | D72: 383.55
A73: M2180 | B73: Tubo de concreto armado PA2 - D = 1,20 m | C73: m | D73: 677.1275
A74: M3153 | B74: Tinta poliéster em pó | C74: kg | D74: 66.4501 | F74: 0 | G74: 14 | H74: 235
A75: M3235 | B75: Película retrorrefletiva tipo I | C75: m² | D75: 149.213 | F75: 0 | G75: 14 | H75: 235
A76: M3237 | B76: Película retrorrefletiva Tipo III | C76: m² | D76: 262.2476 | F76: 0 | G76: 14 | H76: 235
A77: M0789 | B77: Conjunto de cantoneiras e parafusos galvanizados para fixação de placas | C77: Kg | D77: 31.1175 | F77: 0 | G77: 14 | H77: 235
A78: M2018 | B78: Gastalho de 10 x 2 cm | C78: m | D78: 3.1177 | F78: 0 | G78: 14 | H78: 235
A79: M1662 | B79: Suporte em madeira de eucalipto tratado de 8 x 8 cm | C79: m | D79: 12.8 | F79: 0 | G79: 14 | H79: 235
A80: M2128 | B80: Tinta esmalte sintético | C80: l | D80: 29.8472 | F80: 0 | G80: 14 | H80: 235
A81: M1968 | B81: Defensa metálica semimaleável simples | C81: un | D81: 1979.2919 | F81: 0 | G81: 14 | H81: 235
A82: M1977 | B82: Terminal de ancoragem de defensa metálica em barreira New Jersey (tipo D - NBR 6.971) | C82: un | D82: 367.0038 | F82: 0 | G82: 14 | H82: 235
A84: SIN4813 | B84: Placa de obra em chapa galvanizada nº 22 - 2 x 1,125 m | C84: m²
A85: SIN0012 | B85: Escova de aço com cabo 4 x 15 fileiras de cerdas | C85: un
A86: SIN4229 | B86: Graxa Lubrificante | C86: kg
A87: SIN0393 | B87: Abraçadeira Ø 1" | C87: un

Sheet Mão de obra
A1: QUADRO | B1: ESCALA SALARIAL DE MÃO-DE-OBRA
A2: CÓDIGO | B2: CATEGORIA PROFISSIONAL | D2: PADRÃO SALARIAL | E2: SALÁRIO / HORA (R$)
A3: P9801 | B3: Ajudante | E3: 21.4259
A4: P9805 | B4: Armador
A5: P9808 | B5: Carpinteiro | E5: 26.7309
A6: P9810 | B6: Eletricista
A7: P9821 | B7: Pedreiro
A8: P9822 | B8: Pintor | E8: 31.1075
A9: P9823 | B9: Serralheiro | E9: 30.9817
A10: P9824 | B10: Servente | E10: 20.3836
A11: P9825 | B11: Soldador | E11: 35.9915
A12: P9830 | B12: Montador | E12: 28.9266
A13: P9853 | B13: Pré-marcador
A14: P9866 | B14: Motorista de caminhão
A15: P9870 | B15: Motorista de veículo leve
A16: P9804 | B16: Apontador
A17: P9806 | B17: Auxiliar administrativo
A18: P9807 | B18: Bombeiro hidráulico
A19: P9819 | B19: Engenheiro supervisor
A20: P9827 | B20: Vigia
A21: P9833 | B21: Auxiliar de laboratório
A22: P9842 | B22: Faxineiro
A23: P9858 | B23: Laboratorista
A24: P9869 | B24: Encarregado de obras de artes especiais
... A32: P9954 | B32: Servente - mensalista
A34: =Orçamento!A1 -> OBRA: PONTE RIO CRIXÁS MIRIM | D34: OBSERVAÇÕES:
A35: =Orçamento!A2 -> RODOVIA: GO-347 | D35: SALÁRIO BASE: R$ | E35: 1045
A36: =Orçamento!A3 -> TRECHO: MOZARLÂNDIA – CRIXÁS | D36: METODOLOGIA: | E36: SICRO/DNIT
A37: =Orçamento!A4 -> COORDENADAS: -14º41'24,92'' / -50º11'05.14'' | D37: DATA DE REFERÊNCIA: | E37: JANIERO 2024 (DESON)
A38: ="EXTENSÃO: "&Resumo!B24 -> EXTENSÃO: 50,00m | D38: AGÊNCIA GOIANIA DE INFRAESTRUTURA E TRANSPORTES

Sheet BDI
A1: =Cronograma!A4 -> Obra: Ponte Rio Crixás Mirim
A2: =Cronograma!A5 -> Rodovia: GO-347
A3: =Cronograma!A6 -> Trecho: Mozarlândia – Crixás
A4: =Cronograma!A7 -> Coordenadas: -14º41'24,92'' / -50º11'05.14''
A5: BENEFÍCIOS E DESPESAS INDIRETAS (BDI) - SERVIÇOS - SEM DESONERAÇÃO
A6: VARIÁVEL | B6: COMPONENTE | C6: 1º QUARTIL (%) | D6: TAXA (%) | E6: 3º QUARTIL (%)
A8: R | B8: RISCO
A9: S+G | B9: SEGURO+GARANTIA
A10: DF | B10: DESPESAS FINANCEIRAS
A11: AC | B11: ADMINISTRAÇÃO CENTRAL
A12: L | B12: LUCRO
A13: I | B13: TRIBUTOS
B14: PIS
B15: COFINS
B16: ISSQN
B17: INSS (CPRB)
A19: BDI | D19: 20.6
A21: BENEFÍCIOS E DESPESAS INDIRETAS (BDI) - MATERIAL E EQUIPAMENTOS - SEM DESONERAÇÃO
A22: VARIÁVEL | B22: COMPONENTE | C22: 1º QUARTIL (%) | D22: TAXA (%) | E22: 3º QUARTIL (%)
A24: R | B24: RISCO
A25: S+G | B25: SEGURO+GARANTIA
A26: DF | B26: DESPESAS FINANCEIRAS
A27: AC | B27: ADMINISTRAÇÃO CENTRAL
A28: L | B28: LUCRO
A29: I | B29: TRIBUTOS
B30: PIS
B31: COFINS
B32: ISSQN
B33: INSS (CPRB)
A35: BDI | D35: 11.85

Sheet Momento de Transporte
A1: CÁLCULO DOS MOMENTOS DE TRANSPORTE
A2: DISCRIMINAÇÃO | B2: QUANTIDADE | C2: UNIDADE | D2: T/UNIDADE | E2: DMT PAV | F2: DMT N.PAV | G2: TOTAL PAV | H2: TOTAL N.PAV | I2: ORIGEM – DESTINO
A3: MATERIAL BÁSICO
A4: Concr.estr.fck=30 Mpa – Cimento | B4: =Orçamento!G23+Orçamento!G32+Orçamento!G40+Orçamento!G46+Orçamento!G53+0.35*0.35*Orçamento!G15 -> 459.28 | C4: m3 | D4: 0.3915 | E4: 263.2 | F4: 43.4 | G4: =E4*D4*B4 -> 47325.497 | H4: =F4*D4*B4 -> 7803.6724 | I4: Goiânia - Crixás
A5: Concreto Magro – Cimento | B5: =Orçamento!G22 -> 3.89 | C5: m3 | D5: 0.2 | E5: =E4 -> 263.2 | F5: =F4 -> 43.4 | G5: =E5*D5*B5 -> 204.7696 | H5: =F5*D5*B5 -> 33.7652 | I5: Goiânia - Crixás
A6: Forma – Madeira | B6: =Orçamento!G25+Orçamento!G34+Orçamento!G42+Orçamento!G48+Orçamento!G55 -> 1604.36 | C6: m2 | D6: 0.0158 | E6: =E5 -> 263.2 | F6: =F5 -> 43.4 | G6: =E6*D6*B6 -> 6671.8273 | H6: =F6*D6*B6 -> 1100.1417 | I6: Goiânia - Crixás
A7: Forma – Metal | B7: =0.35*4*12*2 -> 33.6 | C7: m2 | D7: =0.005*7850/1000 -> 0.03925 | E7: =E6 -> 263.2 | F7: =F6 -> 43.4 | G7: =E7*D7*B7 -> 347.10816 | H7: =F7*D7*B7 -> 57.23592 | I7: Goiânia - Crixás
A8: Aço CA-50 | B8: =Orçamento!G24+Orçamento!G33+Orçamento!G41+Orçamento!G47+Orçamento!G54+6.88*Orçamento!G15 -> 65335.8 | C8: Kg | D8: 0.001 | E8: =E6 -> 263.2 | F8: =F6 -> 43.4 | G8: =E8*D8*B8 -> 17196.383 | H8: =F8*D8*B8 -> 2835.5737 | I8: Goiânia - Crixás
A9: Madeira - Cerca | B9: =Orçamento!G106 -> 3306.12 | C9: m | D9: 0.0052 | E9: =E7 -> 263.2 | F9: =F7 -> 43.4 | G9: =E9*D9*B9 -> 4524.8881 | H9: =F9*D9*B9 -> 746.12516 | I9: Goiânia - Crixás
A10: Madeira - Escoramento | B10: =Orçamento!G49 -> 2683 | C10: m3 | D10: =(0.2*0.2*3.1415/4*0.25+0.11*0.11*3.1415/4*0.4)*1000/1000 -> 0.011654965 | E10: =E8 -> 263.2 | F10: =F8 -> 43.4 | G10: =E10*D10*B10 -> 8230.3354 | H10: =F10*D10*B10 -> 1357.1298 | I10: Goiânia - Crixás
A11: SUBTOTAL BÁSICO | G11: =SUM(G4:G10) -> 84500.808 | H11: =SUM(H4:H10) -> 13933.644
A12: MATERIAL AGREGADO
A13: Concreto Magro – Areia | B13: =B5 -> 3.89 | C13: m3 | D13: 1.05 | E13: 20.4 | F13: 39.1 | G13: =E13*D13*B13 -> 83.3238 | H13: =F13*D13*B13 -> 159.70395 | I13: Areal - Crixás
A14: Concreto Magro – Brita | B14: =B5 -> 3.89 | C14: m3 | D14: 1.335 | E14: 160.2 | F14: 47 | G14: =E14*D14*B14 -> 831.94263 | H14: =F14*D14*B14 -> 244.07805 | I14: Pedreira - Crixás
A15: Concr.estr.fck=30 Mpa – Areia | B15: =B4 -> 459.28 | C15: m3 | D15: 0.856 | E15: =E13 -> 20.4 | F15: =F13 -> 39.1 | G15: =E15*D15*B15 -> 8020.1311 | H15: =F15*D15*B15 -> 15371.918 | I15: Areal - Crixás
A16: Concr.estr.fck=30 Mpa – Brita | B16: =B4 -> 459.28 | C16: m3 | D16: 1.103 | E16: =E14 -> 160.2 | F16: =F14 -> 47 | G16: =E16*D16*B16 -> 81155.052 | H16: =F16*D16*B16 -> 23809.534 | I16: Pedreira - Crixás
A17: Enrocamento - Rachão | B17: =Orçamento!G75 -> 382.39 | C17: m3 | D17: 1.5 | E17: =E16 -> 160.2 | F17: =F16 -> 47 | G17: =E17*D17*B17 -> 91888.317 | H17: =F17*D17*B17 -> 26958.495 | I17: Pedreira - Crixás
A18: SUBTOTAL AGREGADO | G18: =SUM(G13:G17) -> 181978.77 | H18: =SUM(H13:H17) -> 66543.729

Sheet T-247 +SICRO
A1: Tabela de
A2: Preços:
A3: TABELA DE TERRAPLENAGEM, PAVIMENTAÇÃO E OBRAS DE ARTE
A4: ESPECIAIS - ABR/24 - SEM DESONERAÇÃO - T247
A5: Data Base: 01/04/2024
A6: Valores com BDI - BDI: 20,60%
A7: Código Auxiliar | B7: Serviço | C7: Unidade | D7: Preço Unitário
A8: 100001 | B8: TERRAPLENAGEM
A9: 40001 | B9: DESMATAMENTO E LIMPEZA - INCLUSO DESTOCAMENTO DE ÁRVORES COM DIÂMETROS MENORES DE 15 cm | C9: m2 | D9: 0.6
A10: 40003 | B10: DESTOCAMENTO DE ÁRVORES COM DIÂMETRO DE 15 A 30 cm | C10: un | D10: 45.04
A11: 40004 | B11: DESTOCAMENTO DE ÁRVORES COM DIÂMETRO MAIOR QUE 30 cm | C11: un | D11: 112.61
A12: 40005 | B12: CARGA DE ENTULHOS | C12: m3 | D12: 2.87
A13: 40006 | B13: TRANSPORTE DE ENTULHOS | C13: m3km | D13: 2.56
A14: 40010 | B14: ESCAVAÇÃO, CARGA E TRANSPORTE DE MATERIAL DE 1ª CATEGORIA ATÉ 50M | C14: m3 | D14: 3.3
A15: 40011 | B15: ESCAVAÇÃO, CARGA E TRANSPORTE DE MATERIAL DE 2ª CATEGORIA ATÉ 50M | C15: m3 | D15: 7.62
A16: 40012 | B16: ESCAVAÇÃO, CARGA E TRANSPORTE DE MATERIAL DE 3ª CATEGORIA ATÉ 50M | C16: m3 | D16: 38.6
A17: 40015 | B17: ESCAV., CARGA E TRANSPORTE DE MAT. 1ª CATEG. - C/ ESCAVADEIRA - (DT: 51 A 200M) | C17: m3 | D17: 8
A18: 40016 | B18: ESCAV., CARGA E TRANSPORTE DE MAT. 1ª CATEG. - C/ ESCAVADEIRA - (DT: 201 A 400M) | C18: m3 | D18: 9.26
A19: 40017 | B19: ESCAV., CARGA E TRANSPORTE DE MAT. 1ª CATEG. - C/ ESCAVADEIRA - (DT: 401 A 600M) | C19: m3 | D19: 9.81
A20: 40018 | B20: ESCAV., CARGA E TRANSPORTE DE MAT. 1ª CATEG. - C/ ESCAVADEIRA - (DT: 601 A 800M) | C20: m3 | D20: 11.02
... A40: 40040 | B40: ESCAV., CARGA E TRANSPORTE DE MAT. 2ª CATEG. - C/ ESCAVADEIRA - (DT: 2.001 A 3 .000M) | C40: m3 | D40: 22.55
A41: SCO - Sistema de Custos e Orçamentos Página: 1 de 11
A42: Código Auxiliar | B42: Serviço | C42: Unidade | D42: Preço Unitário
A43: 40041 | B43: ESCAV., CARGA E TRANSPORTE DE MAT. 2ª CATEG. - C/ ESCAVADEIRA - (DT: 3.001 A 5 .000M) | C43: m3 | D43: 30.12
A44: 40042 | B44: ESCAV., CARGA E TRANSPORTE DE MAT. 2ª CATEG. - C/ ESCAVADEIRA - (DT: 5.001 A 10.000M) | C44: m3 | D44: 42.1
A45: 40045 | B45: ESCAV., CARGA E TRANSP. 1ª CATEG. C/ CARREGADEIRA P/ PEQUENOS MOVIMENTOS DE TERRA - (DT: 51 A 200M) | C45: m3 | D45: 12.84
A46: 40046 | B46: ESCAV., CARGA E TRANSP. 1ª CATEG. C/ CARREGADEIRA P/ PEQUENOS MOVIMENTOS DE TERRA - (DT: 201 A 400M) | C46: m3 | D46: 13.68
A47: 40047 | B47: ESCAV., CARGA E TRANSP. 1ª CATEG. C/ CARREGADEIRA P/ PEQUENOS MOVIMENTOS DE TERRA - (DT: 401 A 600M) | C47: m3 | D47: 14.62
A48: 40048 | B48: ESCAV., CARGA E TRANSP. 1ª CATEG. C/ CARREGADEIRA P/ PEQUENOS MOVIMENTOS DE TERRA - (DT: 601 A 800M) | C48: m3 | D48: 15.4
A49: 40049 | B49: ESCAV., CARGA E TRANSP. 1ª CATEG. C/ CARREGADEIRA P/ PEQUENOS MOVIMENTOS DE TERRA - (DT: 801 A 1.000M) | C49: m3 | D49: 16.41
A50: 40050 | B50: ESCAV., CARGA E TRANSP. 1ª CATEG. C/ CARREGADEIRA P/ PEQUENOS MOVIMENTOS DE TERRA - (DT: 1.001 A 1.200M) | C50: m3 | D50: 17.02
A51: 40051 | B51: ESCAV., CARGA E TRANSP. 1ª CATEG. C/ CARREGADEIRA P/ PEQUENOS MOVIMENTOS DE TERRA - (DT: 1.201 A 1.400M) | C51: m3 | D51: 17.94
A52: 40052 | B52: ESCAV., CARGA E TRANSP. 1ª CATEG. C/ CARREGADEIRA P/ PEQUENOS MOVIMENTOS DE TERRA - (DT: 1.401 A 1.600M) | C52: m3 | D52: 18.39
A53: 40053 | B53: ESCAV., CARGA E TRANSP. 1ª CATEG. C/ CARREGADEIRA P/ PEQUENOS MOVIMENTOS DE TERRA - (DT: 1.601 A 1.800M) | C53: m3 | D53: 18.76
A54: 40054 | B54: ESCAV., CARGA E TRANSP. 1ª CATEG. C/ CARREGADEIRA P/ PEQUENOS MOVIMENTOS DE TERRA - (DT: 1.801 A 2.000M) | C54: m3 | D54: 19.89
... A77: 40081 | B77: ESCAV., CARGA E TRANSP. 3ª CATEG. C/ CARREGADEIRA - (DT: 1.201 A 1.400M) | C77: m3 | D77: 60.17
A78: SCO - Sistema de Custos e Orçamentos Página: 2 de 11
A79: Código Auxiliar | B79: Serviço | C79: Unidade | D79: Preço Unitário
A80: 40082 | B80: ESCAV., CARGA E TRANSP. 3ª CATEG. C/ CARREGADEIRA - (DT: 1.401 A 1.600M) | C80: m3 | D80: 60.78
A81: 40083 | B81: ESCAV., CARGA E TRANSP. 3ª CATEG. C/ CARREGADEIRA - (DT: 1.601 A 1.800M) | C81: m3 | D81: 62.85
A82: 40084 | B82: ESCAV., CARGA E TRANSP. 3ª CATEG. C/ CARREGADEIRA - (DT: 1.801 A 2.000M) | C82: m3 | D82: 63.49
A83: 40085 | B83: ESCAVAÇÃO, CARGA E TRANSPORTE DE SOLO MOLE - C/ ESCAVADEIRA - (DT: 000 A 200M) | C83: m3 | D83: 23.14
A84: 40086 | B84: ESCAVAÇÃO, CARGA E TRANSPORTE DE SOLO MOLE - C/ ESCAVADEIRA - (DT: 201 A 400M) | C84: m3 | D84: 24.14
A85: 40087 | B85: ESCAVAÇÃO, CARGA E TRANSPORTE DE SOLO MOLE - C/ ESCAVADEIRA - (DT: 401 A 600M) | C85: m3 | D85: 24.6
A86: 40088 | B86: ESCAVAÇÃO, CARGA E TRANSPORTE DE SOLO MOLE - C/ ESCAVADEIRA - (DT: 601 A 800M) | C86: m3 | D86: 25.32
A87: 40089 | B87: ESCAVAÇÃO, CARGA E TRANSPORTE DE SOLO MOLE - C/ ESCAVADEIRA - (DT: 801 A 1 .000M) | C87: m3 | D87: 27.42
A88: 40090 | B88: ESCAV. E CARGA 1ª CATEG. - SEM TRANSPORTE | C88: m3 | D88: 2.19
A89: 40091 | B89: ESCAV. E CARGA 2ª CATEG. - SEM TRANSPORTE | C89: m3 | D89: 3.32
A90: 40092 | B90: ESCAV. E CARGA 3ª CATEG. - SEM TRANSPORTE | C90: m3 | D90: 44.95
A91: 40094 | B91: TRANSPORTE LOCAL SOLO MOLE C/ BASCULANTE 6M³ - DMT>1,0KM | C91: m3km | D91: 5.13
... A102: 40145 | B102: ESPALHAMENTO DE MATERIAL EM BOTA-FORA | C102: m3 | D102: 2.12
A103: 100002 | B103: PAVIMENTAÇÃO
A104: 40305 | B104: ACABAMENTO E RECOMPOSIÇÃO DE JAZIDA | C104: m2 | D104: 0.43
A105: 40310 | B105: REGULARIZAÇÃO E COMPACTAÇÃO DO SUB-LEITO | C105: m2 | D105: 2.94
A106: 40315 | B106: ESCAVAÇÃO E CARGA DE MATERIAL DE JAZIDA | C106: m3 | D106: 4.65
A107: 40317 | B107: FORNECIMENTO DE MATERIAL DE JAZIDA (CASCALHO) | C107: m3 | D107: 22.56
A108: 40320 | B108: TRANSPORTE DE MATERIAL DE JAZIDA (CASCALHO) | C108: m3km | D108: 2.83
A109: 40325 | B109: TRANSPORTE DA MISTURA | C109: m3km | D109: 2.83
A110: 40335 | B110: ESTABILIZAÇÃO GRANULOMÉTRICA SEM MISTURA - REF.PROCTOR: 26 GOLPES (100 % P.I.) | C110: m3 | D110: 19.16
A111: 40336 | B111: ESTABILIZAÇÃO GRANULOMÉTRICA SEM MISTURA - REF.PROCTOR: 39 GOLPES (100 % P.IM.) | C111: m3 | D111: 21.57
A112: 40337 | B112: ESTABILIZAÇÃO GRANULOMÉTRICA SEM MISTURA - REF.PROCTOR: 55 GOLPES (100 % P.M.) | C112: m3 | D112: 24.07
A113: 40350 | B113: ESTABILIZAÇÃO SOLO-CIMENTO 2% PESO - PISTA | C113: m3 | D113: 55.09
A114: 40365 | B114: ESTABILIZAÇÃO SOLO-CIMENTO 6% PESO - USINA | C114: m3 | D114: 124.14
A115: 40370 | B115: ESTABILIZAÇÃO SOLO-CIMENTO 4% PESO - PISTA | C115: m3 | D115: 88.73
... A134: 40495 | B134: FORNECIMENTO DE EMULSÃO RR-2C COM POLÍMERO | C134: T | D134: 4281.86
A135: SCO - Sistema de Custos e Orçamentos Página: 3 de 11
A136: Código Auxiliar | B136: Serviço | C136: Unidade | D136: Preço Unitário
A137: 40500 | B137: FORNECIMENTO DE EMULSÃO RL-1C | C137: T | D137: 3637.7
A138: 40501 | B138: FORNECIMENTO DE EMULSÃO RL-1C COM POLÍMERO | C138: T | D138: 4025.78
A139: 40505 | B139: FORNECIMENTO DE EMULSÃO RM-1C | C139: T | D139: 4072.87
A140: 40510 | B140: FORNECIMENTO DE EMULSÃO RR-1C | C140: T | D140: 3394.06
A141: 40511 | B141: FORNECIMENTO DE EMULSÃO RC-1C COM POLÍMERO | C141: t | D141: 4606.98
A142: 40515 | B142: FORNECIMENTO DE CAP-60/85 COM POLÍMERO | C142: T | D142: 6295.73
A143: 40520 | B143: FORNECIMENTO DE CAP-30/45 | C143: t | D143: 4366.07
A144: 40525 | B144: FORNECIMENTO DE CAP-50/70 | C144: T | D144: 4479.15
A145: 40526 | B145: FORNECIMENTO DE CAP-BORRACHA - AB8 | C145: t | D145: 4890.8
A146: 40530 | B146: TRANSPORTE COMERCIAL DE MATERIAL BETUMINOSO | C146: tkm | D146: 1.83
A147: 40601 | B147: ESTABILIZAÇÃO SOLO AREIA 20% PESO - USINA (AC) | C147: m3 | D147: 62.66
A148: 40602 | B148: CONCRETO BETUMINOSO USINADO À QUENTE - CBUQ - FAIXA C | C148: m3 | D148: 482.07
... A169: 42498 | B169: USINAGEM DE CONCRETO BETUMINOSO USINADO À QUENTE - CBUQ - FAIXA B | C169: m3 | D169: 425.05
A170: 100004 | B170: DRENAGEM
A171: 41201 | B171: SARJETA TRIANGULAR DE CONCRETO - STC 150-30 | C171: m | D171: 96.17
A172: 41202 | B172: SARJETA TRIANGULAR DE CONCRETO - STC 125-25 | C172: m | D172: 80.23
A173: 41203 | B173: SARJETA TRIANGULAR DE CONCRETO - STC 100-20 | C173: m | D173: 64.54
A174: 41204 | B174: SARJETA TRIANGULAR DE CONCRETO - STC 80-15 | C174: m | D174: 51.72
A175: 41205 | B175: SARJETA TRIANGULAR DE CONCRETO - STC 150-32 | C175: m | D175: 98.81
A176: 41206 | B176: SARJETA TRIANGULAR DE CONCRETO - STC 125-27 | C176: m | D176: 82.64
A177: 41207 | B177: SARJETA TRIANGULAR DE CONCRETO - STC 100-21 | C177: m | D177: 66.06
A178: 41208 | B178: SARJETA TRIANGULAR DE CONCRETO - STC 80-17 | C178: m | D178: 53.35
A179: 41209 | B179: SARJETA TRIANGULAR DE CONCRETO - STC 108-25 | C179: m | D179: 75.18
A180: 41210 | B180: SARJETA TRIANGULAR DE CONCRETO - STC 88-20 | C180: m | D180: 60.8
A181: 41211 | B181: SARJETA TRIANGULAR DE CONCRETO - STC 73-15 | C181: m | D181: 49.3
A182: 41216 | B182: SARJETA TRIANGULAR DE GRAMA - STG 125-25 | C182: m | D182: 24.86
... A198: 41303 | B198: DRENO PROFUNDO, CORTE EM SOLO PVC - DPS01 (EXCETO ESCAVAÇÃO) (AC) | C198: m | D198: 127.83
A199: SCO - Sistema de Custos e Orçamentos Página: 4 de 11
A200: Código Auxiliar | B200: Serviço | C200: Unidade | D200: Preço Unitário
A201: 41304 | B201: DRENO PROFUNDO, CORTE EM SOLO PVC - DPS02 (EXCETO ESCAVAÇÃO) (AC) | C201: m | D201: 136.9
A202: 41305 | B202: DRENO PROFUNDO, CORTE EM SOLO PEAD - DPS11 (ANTIGO DPS03) (EXCETO ESCAVAÇÃO) (AC/BC) | C202: m | D202: 164.88
A203: 41306 | B203: DRENO PROFUNDO, CORTE EM SOLO PEAD - DPS12 (ANTIGO DPS04) (EXCETO ESCAVAÇÃO) (AC/BC) | C203: m | D203: 175.76
A204: 41307 | B204: DRENO CEGO, CORTE EM SOLO - DPS05 (EXCETO ESCAVAÇÃO) (BC) | C204: m | D204: 117.12
...
